 Dungeon Crawl Stone Soup version 0.31-a0-1625-g1a3bd5d (webtiles) character file.

Game seed: 16766111086398185318

15400791 ironshield the Conqueror (level 27, 273/273 HPs)
             Began as a Hill Orc Fighter on Jan 11, 2024.
             Was the Champion of the Shining One.
             Escaped with the Orb
             ... and 15 runes
             ... and 1 gem!
             The game lasted 06:06:09 (102777 turns).

ironshield the Conqueror (Hill Orc Fighter)       Turns: 102777, Time: 06:06:10

Health: 273/273    AC: 56    Str: 31    XL:     27
Magic:  40/40      EV: 16    Int:  8    God:    the Shining One [******]
Gold:   10286      SH: 28    Dex: 12    Spells: 37/46 levels left

rFire   + + +        W - +9 broad axe (holy)
rCold   + + +        u - +4 tower shield {rF+}
rNeg    + + +        s - +12 gold dragon scales
rPois   +            Z - +1 helmet "Hyser" {^Drain rElec Will+++ Regen+}
rElec   +            B - +4 cloak "Poronoich" {rC++ Stlth+}
rCorr   +            V - +2 pair of gloves {hurl}
SInv    .            t - +2 pair of boots
Will    +++++        L - amulet "Hulat" {Regen+ rCorr} Stlth
                     r - ring of protection from fire
HPRegen 2.25/turn    e - ring of protection from fire
MPRegen 0.27/turn

%: no passive effects
@: glowing, studying 3 skills
A: subdued magic 1
0: Orb of Zot
}: 15/15 runes: serpentine, barnacled, slimy, silver, golden, iron, obsidian,
icy, bone, abyssal, demonic, glowing, magical, fiery, dark
a: Renounce Religion, Divine Shield, Cleansing Flame, Summon Divine Warrior


You escaped.
You worshipped the Shining One.
The Shining One was exalted by your worship.
You visited 18 branches of the dungeon, and saw 87 of its levels.
You visited Pandemonium 1 time, and saw 19 of its levels.
You visited the Abyss 2 times.
You also visited: Trove, Bailey and Gauntlet.

You collected 16721 gold pieces.
You spent 6435 gold pieces at shops.

Inventory:

Hand Weapons
 b - a +9 broad axe of freezing
 W - a +9 broad axe of holy wrath (weapon)
Missiles
 l - 11 javelins
 p - 30 datura-tipped darts
 x - 34 silver javelins
 A - 7 throwing nets
 E - 4 boomerangs (quivered)
Armour
 s - +12 gold dragon scales (worn)
 t - a +2 pair of boots (worn)
 u - a +4 tower shield of fire resistance (worn)
 B - the +4 cloak "Poronoich" (worn) {rC++ Stlth+}
   (You found it in Pandemonium)

   rC++:      It greatly protects you from cold.
   Stlth+:    It makes you more stealthy.
 V - a +2 pair of gloves of hurling (worn)
 Z - the +1 helmet "Hyser" (worn) {^Drain rElec Will+++ Regen+}
   (Okawaru gifted it to you on level 2 of the Lair of Beasts)

   rElec:     It insulates you from electricity.
   Will+++:   It greatly increases your willpower.
   Regen+:    It increases your rate of health regeneration.
   ^Drain:    It drains your maximum health when unequipped.
Jewellery
 e - a ring of protection from fire (right hand)
 r - a ring of protection from fire (left hand)
 L - the amulet "Hulat" (around neck) {Regen+ rCorr}
   (You found it in Pandemonium)

   [amulet of regeneration]

   Regen+:    It increases your rate of health regeneration.
   rCorr:     It protects you from acid and corrosion.
Wands
 P - a wand of digging (47)
 R - a wand of light (66)
Scrolls
 c - 36 scrolls of teleportation
 g - 7 scrolls of immolation
 k - 7 scrolls of blinking
 m - 8 scrolls of poison
 o - 5 scrolls of revelation
 q - 5 scrolls of butterflies
 w - 14 scrolls of fear
 y - 15 scrolls of enchant weapon
 D - 20 scrolls of amnesia
 F - 11 scrolls of vulnerability
 G - 20 scrolls of fog
 J - 5 scrolls of silence
 O - a scroll of enchant armour
Potions
 a - 17 potions of lignification
 d - 3 potions of might
 f - 4 potions of attraction
 h - 3 potions of berserk rage
 i - 3 potions of mutation
 j - 22 potions of curing
 n - 11 potions of resistance
 z - 5 potions of haste
 I - 17 potions of heal wounds
 K - 8 potions of magic
 N - 5 potions of ambrosia
 S - 16 potions of brilliance
 U - 16 potions of enlightenment
Miscellaneous
 Q - a figurine of a ziggurat
 T - a lightning rod (4/4)


   Skills:
 O Level 27 Fighting
 * Level 0.0 Short Blades
 * Level 0.0 Long Blades
 O Level 27 Axes
 * Level 0.0(15.3) Maces & Flails
 * Level 0.0(15.3) Polearms
 O Level 27 Throwing
 O Level 27 Armour
 * Level 22.8 Dodging
 * Level 0.0 Stealth
 O Level 27 Shields
 * Level 0.0 Unarmed Combat
 * Level 10.0 Spellcasting
 * Level 14.1 Translocations
 O Level 27 Invocations
 * Level 23.8 Evocations


You had 37 spell levels left.
You knew the following spells:

 Your Spells              Type           Power      Damage    Failure   Level
a - Apportation           Tloc           40%        N/A       1%          1
b - Blink                 Tloc           40%        N/A       1%          2
c - Lesser Beckoning      Tloc           40%        N/A       1%          2
d - Passage of Golubria   Tloc           20%        N/A       1%          4

Your spell library contained the following spells:

 Spells                   Type           Power      Damage    Failure   Level
 Gell's Gravitas          Tloc           20%        N/A       1%          3
 Teleport Other           Tloc           20%        N/A       1%          3
 Manifold Assault         Tloc           20%        N/A       1%          4
 Momentum Strike          Conj/Tloc      22%        3d8       5%          2
 Volatile Blastmotes      Fire/Tloc      22%        2d11      11%         3
 Vhi's Electric Charge    Tloc/Air       22%        N/A       36%         4
 Foxfire                  Conj/Fire      12%        2x1d4     56%         1
 Freeze                   Ice            12%        1d3       56%         1
 Kiss of Death            Conj/Necr      12%        2d6       56%         1
 Necrotise                Necr           12%        1d4       56%         1
 Shock                    Conj/Air       12%        1d3       56%         1
 Slow                     Hex            12%        N/A       56%         1
 Sting                    Conj/Alch      12%        1d3       56%         1
 Summon Small Mammal      Summ           12%        N/A       56%         1
 Cigotuvi's Dreadful Rot  Necr/Alch/Air  6%         N/A       71%         2
 Ensorcelled Hibernation  Hex/Ice        6%         N/A       71%         2
 Jinxbite                 Hex            6%         N/A       71%         2
 Mercury Vapours          Alch/Air       6%         N/A       71%         2
 Scorch                   Fire           6%         2d5       71%         2
 Static Discharge         Conj/Air       6%         3-4/arc   71%         2
 Sublimation of Blood     Necr           3%         N/A       71%         2
 Call Canine Familiar     Summ           3%         N/A       91%         3
 Confusing Touch          Hex            3%         N/A       91%         3
 Dazzling Flash           Conj/Hex       6%         N/A       91%         3
 Frozen Ramparts          Ice            6%         1d1       91%         3
 Fugue of the Fallen      Necr           3%         N/A       91%         3
 Hailstorm                Conj/Ice       3%         3d5       91%         3
 Inner Flame              Hex/Fire       3%         N/A       91%         3
 Mephitic Cloud           Conj/Alch/Air  3%         N/A       91%         3
 Ozocubu's Armour         Ice            3%         N/A       91%         3
 Passwall                 Erth           3%         N/A       91%         3
 Sigil of Binding         Hex            3%         N/A       91%         3
 Stone Arrow              Conj/Erth      6%         3d7       91%         3
 Summon Ice Beast         Ice/Summ       3%         N/A       91%         3
 Swiftness                Air            3%         N/A       91%         3
 Tukima's Dance           Hex            3%         N/A       91%         3
 Vampiric Draining        Necr           3%         2d6       91%         3
 Airstrike                Air            1%         2d(1-17)  100%        4
 Anguish                  Hex/Necr       1%         N/A       100%        4
 Brom's Barrelling Bould  Conj/Erth      3%         2d3       100%        4
 Dispel Undead            Necr           3%         3d7       100%        4
 Flame Wave               Conj/Fire      3%         2d5       100%        4
 Ignite Poison            Fire/Alch      3%         N/A       100%        4
 Olgreb's Toxic Radiance  Alch           3%         N/A       100%        4
 Petrify                  Alch/Erth      3%         N/A       100%        4
 Sticky Flame             Fire/Alch      3%         2d4       100%        4
 Summon Blazeheart Golem  Fire/Summ      3%         N/A       100%        4
 Summon Lightning Spire   Summ/Air       3%         N/A       100%        4
 Alistair's Intoxication  Alch           2%         N/A       100%        5
 Arcjolt                  Conj/Air       1%         1d11      100%        5
 Borgnjor's Vile Clutch   Necr/Erth      1%         N/A       100%        5
 Curse of Agony           Necr           3%         N/A       100%        5
 Fireball                 Conj/Fire      1%         3d3       100%        5
 Freezing Cloud           Conj/Ice/Air   1%         6-21      100%        5
 Irradiate                Conj/Alch      1%         3d12      100%        5
 Iskenderun's Battlesphe  Conj           3%         2d6       100%        5
 Metabolic Englaciation   Hex/Ice        1%         N/A       100%        5
 Silence                  Hex/Air        1%         N/A       100%        5
 Summon Mana Viper        Hex/Summ       3%         N/A       100%        5
 Yara's Violent Unravell  Hex/Alch       1%         3d3       100%        5
 Bombard                  Conj/Erth      1%         9d1       100%        6
 Conjure Ball Lightning   Conj/Air       1%         3x3d6     100%        6
 Eringya's Noxious Bog    Alch           1%         4d6       100%        6
 Plasma Beam              Fire/Air       1%         2x1d11    100%        6
 Sculpt Simulacrum        Ice/Alch       1%         N/A       100%        6
 Starburst                Conj/Fire      1%         6d3       100%        6
 Summon Cactus Giant      Summ           1%         N/A       100%        6
 Haunt                    Necr/Summ      1%         N/A       100%        7
 Monstrous Menagerie      Summ           1%         N/A       100%        7
 Orb of Destruction       Conj           1%         9d5       100%        7
 Spellforged Servitor     Conj/Summ      1%         N/A       100%        7
 Borgnjor's Revivificati  Necr           1%         N/A       100%        8
 Discord                  Hex            1%         N/A       100%        8
 Disjunction              Tloc           10%        N/A       100%        8
 Ignition                 Fire           1%         3d3       100%        8
 Maxwell's Capacitive Co  Air            1%         ∞         100%        8
 Chain Lightning          Conj/Air       1%         3d2       100%        9
 Death's Door             Necr           1%         N/A       100%        9
 Fire Storm               Conj/Fire      1%         8d1       100%        9
 Shatter                  Erth           1%         3d6*      100%        9


Dungeon Overview and Level Annotations

Branches:
Dungeon (15/15)            Temple (1/1) D:7            Lair (5/5) D:11
 Shoals (4/4) Lair:2        Snake (4/4) Lair:2        Slime (5/5) Lair:5
    Orc (2/2) D:9             Elf (3/3) Orc:2        Vaults (5/5) D:14
  Crypt (3/3) Vaults:3       Tomb (3/3) Crypt:3      Depths (4/4) D:15
   Hell (visited)             Dis (7/7) Hell            Geh (7/7) Hell
    Coc (7/7) Hell            Tar (7/7) Hell            Zot (5/5) Depths:4
 Bailey (visited)         Gauntlet (visited)

Altars:
Ashenzari
Cheibriados
Dithmenos
Elyvilon
Fedhas
Gozag
Hepliaklqana
Kikubaaqudgha
Makhleb
Nemelex Xobeh
Okawaru
Qazlal
Ru
Sif Muna
Trog
Uskayaw
Vehumet
Wu Jian
Xom
Yredelemnul
Zin
The Shining One
Beogh
Jiyva

Shops:
D:2 ([=   D:4 *   D:6 ?   D:11 *   D:12 (   D:15 *   Orc:2 (=:?   Elf:2 :*
Shoals:1 =   Snake:1 *?   Snake:2 ?   Snake:4 !   Vaults:2 *   Vaults:3 *
Vaults:4 ?   Depths:3 !*

Portals:
Hell: Depths:1 Depths:2 Depths:3 Depths:4
Abyss: Depths:1 Depths:2 Depths:3 Depths:4
Pandemonium: Depths:1 Depths:2 Depths:3
Ziggurat: Depths:3

Annotations:
Lair:1 3 runed translucent doors, Superstore's ghost, journeyman TrMo
Dis:1 36 runed translucent doors
Dis:7 exclusion: 2 doors
Zot:2 1 transporter


Innate Abilities, Weirdness & Mutations

Your spells are a little easier to cast, but a little less powerful.


Message History

You block the smoke demon's attack. x2; The smoke demon barely misses you.
You slice the smoke demon!!
You kill the smoke demon!
The Shining One accepts your kill.
There's something in the way.
Okay, then.
What level of the Dungeon? (default 1, ? - help)
There is an open door here.
An Umpyegga, an ancient lich, a lich and an Ice Fiend come into view.
Blink to where?
Press: ? - help, Dir - move target
As you read the scroll of blinking, it crumbles to dust.
The lich shouts!
The Ice Fiend roars!
Umpyegga moves out of view.
You climb upwards.
There is a stone staircase leading down here.
What level of the Dungeon? (default 1, ? - help)
You see here a +0 chain mail.
A Hell Sentinel comes into view.
The Hell Sentinel moves out of view.
The Hell Sentinel gestures at you.
The sphere of damnation explodes!
The damnation engulfs you!!
There is a stone staircase leading up here.
You climb upwards.
There is a stone staircase leading down here.
What level of the Dungeon? (default 1, ? - help) HP restored.
There is a stone staircase leading up here.
You climb upwards.
There is a stone staircase leading down here.
There is a stone staircase leading up here.
You climb upwards.
There is a stone staircase leading down here.
You enter the shallow water.
Moving in this stuff is going to be slow.
There is a staircase leading out of the dungeon here.
Okay, then.
Cast which spell? (? or * to list)
Okay, then.
You have escaped!

#~~P##.#
#...#.##
#.##PP~#
###.###
#.##P~P# #.#
#...P~~#####.#
#.#####~P~...#
#.# #PP~##.#
#.### #P~P##.#
#...# #.##P~P#
#.@.###.##P~~#
#.........~P~#
##############


There were no monsters in sight!

Vanquished Creatures
  Cerebov (Pan)
  Antaeus (Coc:7)
  Asmodeus (Geh:7)
  Ereshkigal (Tar:7)
  the Royal Jelly (Slime:5)
  Lom Lobon (Pan)
  8 pandemonium lords
  the Serpent of Hell (Geh:7)
  Gloorx Vloq (Pan)
  Dispater (Dis:7)
  Frederick (Depths:3)
  10 dread liches
  Mennas (Pan)
  11 ancient liches
  Mara (Snake:2)
  3 juggernauts (Dis:7)
  5 orbs of fire (Zot:5)
  Xtahua (Crypt:3)
  29 royal mummies
  Vv (Zot:1)
  19 shard shrikes
  6 Killer Klowns
  Saint Roka (Orc:2)
  Vashnia (Snake:3)
  33 caustic shrikes
  3 curse toes
  12 golden dragons
  Nikola (Vaults:1)
  Jory (Crypt:3)
  Geryon (Hell)
  31 bone dragons
  6 profane servitors
  5 iron giants
  17 doom hounds
  11 Brimstone Fiends
  2 spectral shard shrikes
  18 Tzitzimimeh
  8 hellephants
  6 electric golems
  16 tentacled monstrosities
  13 Hell Sentinels
  18 Ice Fiends
  8 liches
  A shard shrike skeleton (Crypt:1)
  A walking crystal tome (Depths:4)
  25 Orb Guardians (Zot:5)
  12 tainted leviathans
  29 titans
  2 walking earthen tomes (Depths:2)
  Mlioglotl (Shoals:1)
  5 quicksilver dragons
  11 sphinxes
  6 deep elf blademasters
  9 deep elf master archers
  22 searing wretches
  A kraken (Shoals:1)
  25 Executioners
  14 acid blobs
  14 death cobs
  21 ancient champions
  3 tentacled starspawn
  10 storm dragons
  10 shadow dragons
  7 tengu reavers
  6 daevas
  3 fenstrider witches (Pan)
  6 nagarajas
  Ilsuiw (Shoals:3)
  Donald (Shoals:2)
  Kirke (Lair:5)
  2 revenants
  13 azure jellies
  Aizul (Snake:3)
  15 rockslimes
  12 deep elf sorcerers (Elf:3)
  15 demonspawn warmongers (Pan)
  13 protean progenitors
  48 fire giants
  15 narguns
  5 ghost moths
  18 frost giants
  11 iron dragons
  6 draconian knights
  10 draconian monks
  18 vault wardens
  15 shard shrike simulacra
  7 quicksilver elementals
  12 draconian shifters
  2 deep elf elementalists (Elf:3)
  A caustic shrike zombie (Hell)
  6 draconian scorchers
  7 ghouls
  40 balrugs
  7 angels
  4 curse skulls
  26 cacodemons
  15 ironbound preservers
  3 draconian stormcallers
  6 caustic shrike skeletons
  12 demonspawn blood saints (Pan)
  38 reapers
  7 draconian annihilators
  2 orc warlords (Vaults:2)
  6 ironbound thunderhulks
  12 demonspawn corrupters (Pan)
  7 formless jellyfish
  19 very ugly things
  29 stone giants
  19 vampire knights
  10 quicksilver oozes
  12 green draconians
  18 elemental wellsprings
  4 deep elf death magi
  21 lorocyprocas
  16 white draconians
  15 black draconians
  5 bennus
  16 wendigos
  18 putrid mouths
  3 minotaurs
  15 demonspawn black suns (Pan)
  8 deep elf annihilators
  40 war gargoyles
  4 deep elf demonologists
  8 yellow draconians
  20 purple draconians
  8 spark wasps
  18 red draconians
  16 blizzard demons (Pan)
  4 dire elephants
  11 iron golems
  18 eidola
  14 ettins
  22 mummy priests
  3 crystal guardians
  7 yaktaur captains
  19 green deaths
  2 merfolk javelineers (Shoals:3)
  7 merfolk impalers
  A quicksilver dragon zombie (Hell)
  11 jiangshi (Crypt:3)
  Josephine (D:10)
  29 vault guards
  7 deep elf high priests
  14 fire dragons
  16 great orbs of eyes
  19 ice dragons
  6 hydras
  2 spectral iron giants
  4 rakshasas
  21 salamander tyrants
  19 caustic shrike simulacra
  3 catoblepae
  2 peacekeepers
  A spriggan zombie (Tomb:3)
  7 hell beasts (Pan)
  A quicksilver dragon skeleton (Crypt:3)
  Erolcha (D:11)
  4 spriggan air magi
  5 ironbound frosthearts
  3 merfolk aquamancers
  2 ogre magi (Vaults:5)
  2 radroaches (Depths:4)
  7 juggernaut simulacra
  10 stokers
  A fenstrider witch skeleton (Hell)
  5 death knights
  14 satyrs
  22 centaur warriors
  28 dancing weapons
  21 anacondas
  7 merfolk avatars
  A spectral stone giant (Tar:2)
  7 two-headed ogres
  10 boulder beetles
  5 deep troll shamans
  A jorogumo (shapeshifter) (Depths:4)
  4 alligator snapping turtles
  14 death yaks
  82 death scarabs
  11 vampire magi
  45 hell hogs
  A thrashing horror (Abyss:3)
  A shock serpent (shapeshifter) (Vaults:3)
  15 naga warriors
  A holy swine (Abyss:3)
  8 tengu warriors
  10 deep troll earth magi
  8 spriggan berserkers
  14 demonic crawlers
  16 shock serpents
  A spectral dire elephant (Tar:1)
  3 orc high priests (Elf:1)
  A titan zombie (Tomb:1)
  11 naga sharpshooters
  3 occultists (Depths:1)
  A storm dragon zombie (Crypt:3)
  38 soul eaters
  Sonja (Lair:5)
  9 hell knights
  5 hellephant skeletons (Pan)
  A wretched star (Abyss:3)
  49 sun demons
  24 skeletal warriors
  7 iron trolls
  8 salamander mystics
  A fire crab (Lair:5)
  5 crystal echidnas
  39 deep elf knights
  An iron giant zombie (Crypt:2)
  22 sixfirhies
  2 goliath frogs (Zot:5)
  14 sea snakes
  22 shadow wraiths
  A spectral bunyip (Tar:2)
  5 golden dragon zombies (Crypt:3)
  A bunyip zombie (Crypt:3)
  7 quicksilver dragon simulacra
  4 skysharks
  7 flayed ghosts
  A deep troll (shapeshifter) (Vaults:3)
  45 deep trolls
  23 mana vipers
  2 anaconda zombies
  8 sun moths (Pan)
  6 glowing orange brains
  17 shadow demons (Pan)
  11 arcanists
  A mana viper (shapeshifter) (Depths:3)
  A spectral anaconda (Tar:4)
  An orange crystal statue (Zot:5)
  8 naga ritualists
  3 bog bodies
  A bunyip skeleton (Crypt:3)
  A shadow dragon zombie (Vaults:3)
  13 lindwurms
  7 starcursed masses (Abyss:3)
  38 large abominations
  24 deep elf archers
  12 phantasmal warriors
  8 necromancers
  28 ironbound convokers
  5 spriggan simulacra
  9 orc knights
  40 deep elf zephyrmancers
  13 harpies
  24 salamanders
  An orc sorcerer (Orc:2)
  A spectral alligator snapping turtle (Tar:2)
  A lightning spire (Zot:2)
  39 deep elf pyromancers
  26 moths of wrath
  34 ugly things
  16 manticores
  Maurice (D:8)
  5 shining eyes
  24 fauns
  A tengu skeleton (Vaults:3)
  An oklob plant (Lair:5)
  A meliai (D:14)
  3 spectral ettins
  6 cyclopes
  An eleionoma skeleton (Crypt:2)
  A shock serpent zombie (Crypt:2)
  10 rust devils
  16 elephants
  17 naga magi
  28 vault sentinels
  10 merfolk sirens
  A stone giant skeleton (Tomb:3)
  2 spectral centaurs
  6 kobold blastminers
  A dire elephant zombie (Crypt:3)
  3 water nymphs
  5 human skeletons
  17 orange demons
  2 titan simulacra
  45 black mambas
  11 guardian serpents
  A gargoyle (D:12)
  2 apocalypse crabs (Abyss:3)
  11 cane toads
  6 eyes of devastation
  A catoblepas zombie (Crypt:1)
  10 molten gargoyles
  44 smoke demons
  A cane toad (shapeshifter) (Elf:3)
  2 torpor snails (shapeshifter)
  An unseen horror (D:13)
  A kobold demonologist (D:8)
  21 hellions
  4 rime drakes
  A steelbarb worm zombie (Crypt:1)
  5 efreet
  2 centaur skeletons
  A redback zombie (Crypt:3)
  2 iron giant simulacra
  A yaktaur zombie (Vaults:3)
  5 anaconda simulacra
  12 freezing wraiths
  14 yaktaurs
  A harpy zombie (Crypt:3)
  29 guardian mummies
  7 ice devils
  2 bunyip simulacra
  9 red devils
  31 tormentors
  2 spectral harpies (Tar:2)
  13 komodo dragons
  A merfolk (shapeshifter) (Vaults:5)
  A spectral naga (Tar:3)
  4 tengu conjurers
  2 yaktaur skeletons
  4 trolls
  A black draconian skeleton (Crypt:1)
  18 hellwings
  A green draconian skeleton (Crypt:3)
  20 merfolk
  A polar bear (shapeshifter) (Vaults:3)
  3 polar bears
  2 ancient zymes
  10 snapping turtles
  5 hornets
  5 wind drakes
  9 glass eyes
  2 ettin zombies
  23 blink frogs
  A raiju (shapeshifter) (Depths:4)
  2 stone giant simulacra
  2 centaur simulacra
  4 air elementals
  3 shadows
  5 small abominations (Abyss:3)
  7 ushabtiu
  2 ettin skeletons
  48 ynoxinuls
  28 vampires
  3 spriggans (Depths:4)
  5 wyverns
  2 black mamba skeletons
  115 slime creatures
  12 water elementals
  7 dire elephant simulacra
  13 wraiths
  2 fire elementals
  26 yaks
  8 basilisks
  Eustachio (D:5)
  7 golden eyes
  3 steam dragons
  19 neqoxecs
  6 hogs (Lair:5)
  29 chaos spawn
  13 harpy simulacra
  A deep troll zombie (Crypt:1)
  4 vampire mosquitoes
  53 nagas
  8 wargs (Orc:2)
  A glowing shapeshifter zombie (Vaults:4)
  3 hell hounds (Abyss:3)
  A water moccasin (shapeshifter) (D:13)
  2 glowing shapeshifter skeletons
  14 water moccasins
  2 acid dragons
  3 hydra simulacra
  A hornet zombie (Crypt:2)
  5 black bears
  A dream sheep zombie (Crypt:3)
  An elephant zombie (Crypt:1)
  24 laughing skulls
  48 orc warriors
  A manticore zombie (Crypt:2)
  2 wolves (Orc:2)
  7 ogres
  8 ettin simulacra
  A swamp dragon zombie (Crypt:3)
  17 centaurs
  A manticore skeleton (Crypt:2)
  9 boggarts
  A rime drake zombie (Crypt:1)
  A phantom (D:7)
  15 kobold brigands
  Blork the orc (D:6)
  11 bullfrogs
  3 necrophages
  3 gnoll sergeants
  6 scorpions
  A wyvern skeleton (Crypt:3)
  5 earth elementals
  7 naga simulacra
  15 wights
  4 killer bees (D:11)
  A shapeshifter skeleton (Crypt:1)
  2 howler monkeys (D:10)
  An electric eel (Snake:1)
  A crimson imp (Pan)
  A human simulacrum (Vaults:4)
  7 hounds
  2 centaur zombies (Crypt:3)
  2 human zombies (Crypt:1)
  15 orc priests
  A sleepcap (D:7)
  3 iguanas
  14 orc wizards
  A hound skeleton (Crypt:2)
  30 mummies
  11 adders
  15 gnolls
  A shadow imp (D:5)
  4 white imps
  A ribbon worm zombie (Crypt:1)
  6 ufetubi
  A jelly zombie (Crypt:1)
  An adder skeleton (Crypt:3)
  A ribbon worm (shapeshifter) (Abyss:2)
  90 orcs
  8 bats
  5 endoplasms
  5 giant cockroaches
  7 goblins
  3 hobgoblins
  15 kobolds
  2 quokkas (D:4)
  3 ball pythons
  A frilled lizard (D:1)
  6 rats
  6 aspiring fleshes
  5 ball lightnings (Pan)
  8 creeping infernos
  9 fire vortices
  6 starspawn tentacles
  2 tentacles (Shoals:1)
4300 creatures vanquished.

Vanquished Creatures (collateral kills)
  Mnoleg (Pan)
  5 royal mummies
  A caustic shrike (Dis:2)
  A profane servitor (Tar:5)
  A bone dragon (Tar:7)
  A Brimstone Fiend (Geh:7)
  4 doom hounds (Tar:7)
  A Tzitzimitl (Tar:5)
  3 iron giants (Dis:2)
  A tentacled monstrosity (Pan)
  A Hell Sentinel (Dis:7)
  A lich (Tomb:2)
  A tainted leviathan (Tar:7)
  3 ancient champions
  A demonspawn warmonger (Pan)
  A quicksilver elemental (Dis:2)
  An iron dragon (Dis:2)
  A balrug (Pan)
  2 cacodemons (Pan)
  A juggernaut skeleton (Pan)
  2 caustic shrike skeletons (Pan)
  A reaper (Hell)
  3 bennus
  An iron golem (Dis:2)
  A mummy priest (Tomb:3)
  A spriggan zombie (Tomb:3)
  3 boulder beetles (Dis:2)
  17 death scarabs
  2 soul eaters
  A storm dragon zombie (Hell)
  3 skeletal warriors (Hell)
  A shadow demon (Pan)
  A phantasmal warrior (Hell)
  A large abomination (Pan)
  2 molten gargoyles (Hell)
  A hellion (Hell)
  10 guardian mummies
  A harpy skeleton (Tomb:3)
  5 ushabtiu
  3 laughing skulls (Pan)
  A swamp dragon skeleton (Tomb:2)
  14 mummies
107 creatures vanquished.

Vanquished Creatures (others)
  A shard shrike (Coc:2)
  A pandemonium lord (Pan)
  A titan (Pan)
  A sphinx (Tomb:1)
  An Executioner (Pan)
  An eldritch tentacle (Zot:5)
  3 fire giants
  3 shard shrike simulacra
  A juggernaut simulacrum (Coc:7)
  A hell hog (Geh:2)
  2 sixfirhies
  A shadow demon (Pan)
  4 spriggan simulacra
  2 deep elf pyromancers
  3 deep elf zephyrmancers
  A manticore (Shoals:4)
  A smoke demon (Pan)
  An orange demon (Pan)
  3 hellions
  A freezing wraith (Coc:2)
  2 anaconda simulacra
  An iron dragon simulacrum (Coc:5)
  2 dire elephant simulacra
  A ynoxinul (Pan)
  An alligator snapping turtle simulacrum (Coc:2)
  3 harpy simulacra
  An orc warrior (Vaults:5)
  5 ettin simulacra
  An orc wizard (D:9)
  7 ball lightnings (Pan)
  3 creeping infernos
  2 fire vortices
  4 starspawn tentacles
  6 tentacles (Shoals:1)
72 creatures vanquished.

Grand Total: 4479 creatures vanquished

Notes
Turn   | Place    | Note
-------+----------+-------------------------------------------
     0 | D:1      | ironshield the Hill Orc Fighter began the quest for the
                  | Orb.
     0 | D:1      | Reached XP level 1. HP: 19/19 MP: 1/1
   161 | D:1      | Reached XP level 2. HP: 26/26 MP: 2/2
   780 | D:2      | Found Cuorghio's Jewellery Emporium.
   874 | D:2      | Found Nutt's Antique Weapon Shop.
   880 | D:2      | Found Tostes's Armour Shoppe.
   916 | D:2      | Reached XP level 3. HP: 31/31 MP: 3/3
   983 | D:2      | Found a faded altar of an unknown god.
  1571 | D:3      | Reached XP level 4. HP: 39/39 MP: 4/4
  1598 | D:3      | Found a burning altar of Makhleb.
  2067 | D:3      | Found a snail-covered altar of Cheibriados.
  2273 | D:4      | Reached skill level 5 in Axes
  2364 | D:4      | Identified the +1 scale mail "Wesaprag" {Dex+3}
  2473 | D:4      | Reached XP level 5. HP: 33/45 MP: 5/5
  2638 | D:4      | Found a stormy altar of Qazlal.
  2682 | D:4      | Found Loiweh's Assorted Antiques.
  2778 | D:4      | Reached XP level 6. HP: 51/51 MP: 6/6
  2832 | D:4      | Reached skill level 5 in Shields
  2856 | D:4      | Found a broken altar of Ashenzari.
  2992 | D:4      | Found an ornate altar of the Wu Jian Council.
  3177 | D:5      | Entered Level 5 of the Dungeon
  3395 | D:5      | Noticed a black bear
  3409 | D:5      | Killed a black bear
  3410 | D:5      | Reached XP level 7. HP: 55/57 MP: 7/7
  3586 | D:5      | Found a hide-covered altar of Uskayaw.
  3688 | D:5      | Noticed Eustachio
  3725 | D:5      | Killed Eustachio
  3726 | D:5      | Reached skill level 10 in Axes
  3799 | D:5      | Reached skill level 1 in Evocations
  3799 | D:5      | Reached XP level 8. HP: 64/64 MP: 8/8
  4609 | D:4      | Bought a potion of curing for 66 gold pieces
  4783 | D:6      | Found a sparkling altar of Nemelex Xobeh.
  4801 | D:6      | Found a sacrificial altar of Ru.
  4899 | D:6      | Noticed Blork the orc
  4909 | D:6      | Killed Blork the orc
  4957 | D:6      | Found Jaleanej's Magic Scroll Boutique.
  5491 | D:6      | Bought a scroll of identify for 28 gold pieces
  5491 | D:6      | Bought a scroll of fog for 56 gold pieces
  5491 | D:6      | Bought a scroll of identify for 28 gold pieces
  5491 | D:6      | Bought a scroll of fear for 56 gold pieces
  5491 | D:6      | Bought a scroll of identify for 28 gold pieces
  5571 | D:7      | Reached XP level 9. HP: 56/70 MP: 9/9
  5899 | D:7      | Found a staircase to the Ecumenical Temple.
  5909 | Temple   | Entered the Ecumenical Temple
  5933 | Temple   | Became a worshipper of Warmaster Okawaru
  6130 | D:7      | Reached skill level 5 in Evocations
  6143 | D:7      | Found a white marble altar of Elyvilon.
  6748 | D:8      | Reached * piety under Okawaru
  6802 | D:8      | Noticed Maurice
  6823 | D:8      | Killed Maurice
  6913 | D:8      | Reached ** piety under Okawaru
  6914 | D:8      | Reached skill level 15 in Axes
  6917 | D:8      | Reached XP level 10. HP: 69/77 MP: 10/10
  7347 | D:8      | Noticed a kobold demonologist
  7362 | D:8      | Reached *** piety under Okawaru
  7382 | D:8      | Killed a kobold demonologist
  7684 | D:9      | Reached **** piety under Okawaru
  7921 | D:9      | Found a flagged portal.
  7943 | Bailey   | Entered a bailey
  8034 | Bailey   | Reached skill level 1 in Invocations
  8066 | Bailey   | Reached XP level 11. HP: 82/83 MP: 10/12
  8074 | Bailey   | Noticed an orc knight
  8094 | Bailey   | Killed an orc knight
  8118 | Bailey   | Reached skill level 5 in Armour
  8394 | D:9      | Found a staircase to the Orcish Mines.
  8409 | D:9      | Noticed a rakshasa
  8454 | D:9      | Killed a rakshasa
  8454 | D:9      | Reached ***** piety under Okawaru
  8455 | D:9      | Reached skill level 5 in Fighting
  8720 | D:9      | Found a bloodstained altar of Trog.
  8734 | D:10     | Entered Level 10 of the Dungeon
  8785 | D:10     | Noticed a two-headed ogre
  8792 | D:10     | Killed a two-headed ogre
  8792 | D:10     | Received a gift from Okawaru
  8872 | D:10     | Noticed Josephine
  8896 | D:10     | Killed Josephine
  9234 | D:10     | Reached skill level 5 in Invocations
  9311 | D:10     | Identified the +9 flail "Voemeanuck" {freeze, rN++}
  9338 | D:10     | Received a gift from Okawaru
  9681 | D:11     | Noticed a two-headed ogre
  9685 | D:11     | Noticed Erolcha
  9693 | D:11     | Killed a two-headed ogre
  9703 | D:11     | Killed Erolcha
  9802 | D:11     | Noticed a two-headed ogre
  9810 | D:11     | Killed a two-headed ogre
  9854 | D:11     | Found Byruigos's Serpentskin Sales.
  9957 | D:11     | Reached XP level 12. HP: 95/100 MP: 15/15
 10148 | D:11     | Noticed a two-headed ogre
 10162 | D:11     | Killed a two-headed ogre
 10445 | D:11     | Received a gift from Okawaru
 10520 | D:11     | Found a staircase to the Lair.
 10558 | D:11     | Reached skill level 10 in Armour
 10810 | Lair:1   | Entered Level 1 of the Lair of Beasts
 10852 | Lair:1   | Reached skill level 1 in Throwing
 11089 | Lair:1   | Found a runed translucent gate.
 11089 | Lair:1   | Found a runed translucent gate.
 11090 | Lair:1   | Found a runed translucent gate.
 11107 | Lair:1   | Reached skill level 10 in Fighting
 11201 | Lair:1   | Noticed a death yak
 11203 | Lair:1   | Noticed a minotaur
 11204 | Lair:1   | Noticed Superstore's ghost (journeyman TrMo)
 11382 | Lair:1   | Received a gift from Okawaru
 11922 | Lair:2   | Identified a scroll of acquirement
 11927 | Lair:2   | Acquired a manual of Invocations
 12021 | Lair:2   | Found a staircase to the Shoals.
 12257 | Lair:2   | Reached XP level 13. HP: 112/118 MP: 16/16
 12660 | Lair:2   | Found a staircase to the Snake Pit.
 13145 | Lair:3   | Reached skill level 5 in Throwing
 13177 | Lair:3   | Reached ****** piety under Okawaru
 13183 | Lair:3   | Received a gift from Okawaru
 13201 | Lair:2   | Acquired a +4 broad axe of venom
 13201 | Lair:2   | Received a gift from Okawaru
 13202 | Lair:2   | Acquired the +1 helmet "Hyser" {^Drain rElec Will+++
                  | Regen+}
 13202 | Lair:2   | Received a gift from Okawaru
 14121 | Lair:4   | Received a gift from Okawaru
 14210 | Lair:4   | Found a radiant altar of Vehumet.
 14322 | Lair:4   | Reached skill level 15 in Fighting
 14881 | Lair:5   | Entered Level 5 of the Lair of Beasts
 14889 | Lair:5   | Received a gift from Okawaru
 14925 | Lair:5   | Reached XP level 14. HP: 135/135 MP: 17/17
 14986 | Lair:5   | Found a staircase to the Slime Pits.
 15227 | Lair:5   | Received a gift from Okawaru
 15245 | Lair:5   | Noticed Sonja
 15263 | Lair:5   | Killed Sonja
 15763 | Lair:5   | Received a gift from Okawaru
 15870 | Lair:5   | Identified the +1 gold dragon scales of Fabulous Beauty
                  | {rPois rF+ rC+ Str+3 Int+3}
 15878 | Lair:5   | Identified the +2 trident "Xirhun" {flame, *Rage Str+3
                  | Stlth+}
 16138 | Lair:5   | Noticed Kirke
 16154 | Lair:5   | Killed Kirke
 16720 | D:12     | Found Qiguoly's Weapon Boutique.
 16740 | D:12     | Received a gift from Okawaru
 17003 | D:13     | Reached XP level 15. HP: 139/150 MP: 18/18
 17031 | D:13     | Received a gift from Okawaru
 17051 | D:13     | Found a gate leading to a gauntlet.
 17066 | Gauntlet | Entered a Gauntlet
 17066 | Gauntlet | Found a transporter.
 17075 | Gauntlet | Found a transporter.
 17076 | Gauntlet | Found a transporter.
 17079 | Gauntlet | Found a runed translucent door.
 17079 | Gauntlet | Found a runed translucent door.
 17090 | Gauntlet | Found a transporter.
 17092 | Gauntlet | Found a transporter.
 17096 | Gauntlet | Found a runed translucent door.
 17100 | Gauntlet | Found a runed translucent door.
 17103 | Gauntlet | Found a transporter.
 17119 | Gauntlet | Found a transporter.
 17129 | Gauntlet | Found a transporter.
 17139 | Gauntlet | Found a transporter.
 17143 | Gauntlet | Found a transporter.
 17143 | Gauntlet | Found a transporter.
 17246 | Gauntlet | Found a transporter.
 17246 | Gauntlet | Found a transporter.
 17307 | Gauntlet | Found a transporter.
 17360 | Gauntlet | Identified the -2 pair of boots of Wiawiaw {rElec Int+4}
 17381 | Gauntlet | Identified the +4 scimitar of Mastery {holy, rF+ rCorr
                  | Str+3 Int+2}
 17391 | Gauntlet | Reached skill level 10 in Throwing
 17396 | Gauntlet | Identified the +3 hand axe of the Uplifting Seer {flame,
                  | rElec Will- Str+2}
 17396 | Gauntlet | Identified the +1 falchion "Rakeng" {chaos, *Noise Will++
                  | Int+5}
 17396 | Gauntlet | Identified the +6 battleaxe "Egain" {chaos, Dex+2 Stlth+}
 17396 | Gauntlet | Identified the +4 spear of Eschokh {freeze, Stlth+}
 17576 | D:13     | Received a gift from Okawaru
 18224 | D:14     | Found a gate to the Vaults.
 18320 | D:14     | Received a gift from Okawaru
 18804 | D:15     | Entered Level 15 of the Dungeon
 18869 | D:15     | Received a gift from Okawaru
 19018 | D:15     | Found a staircase to the Depths.
 19179 | D:15     | Reached XP level 16. HP: 95/163 MP: 19/19
 19348 | D:15     | Found Yrezxerph's Assorted Antiques.
 19367 | D:15     | Bought a scroll of enchant weapon for 180 gold pieces
 19367 | D:15     | Bought a scroll of teleportation for 72 gold pieces
 19508 | Depths:1 | Entered Level 1 of the Depths
 19508 | Depths:1 | Found a gateway to Hell.
 19663 | Orc:1    | Entered Level 1 of the Orcish Mines
 19746 | Orc:1    | Found a roughly hewn altar of Beogh.
 19783 | Orc:1    | Received a gift from Okawaru
 19916 | Orc:1    | You fall into a shaft and drop 1 floor!
 19916 | Orc:2    | Entered Level 2 of the Orcish Mines
 19938 | Orc:2    | Found Qoguxy's Jewellery Shop.
 19938 | Orc:2    | Found Beenwos's Book Shoppe.
 19946 | Orc:2    | Found Oceal's Antique Weapon Boutique.
 19948 | Orc:2    | Found Kinoti's Magic Scroll Emporium.
 19962 | Orc:2    | Noticed Saint Roka
 19996 | Orc:2    | Killed Saint Roka
 20005 | Orc:2    | Received a gift from Okawaru
 20138 | Orc:2    | Bought a scroll of fog for 56 gold pieces
 20138 | Orc:2    | Bought a scroll of acquirement for 728 gold pieces
 20138 | Orc:2    | Bought a scroll of enchant armour for 105 gold pieces
 20138 | Orc:2    | Bought a scroll of identify for 28 gold pieces
 20139 | Orc:2    | Acquired a manual of Invocations
 20344 | Orc:2    | Found a staircase to the Elven Halls.
 20915 | D:2      | Bought the ring "Piystru" {rN+ Str+5} for 412 gold pieces
 21189 | Snake:1  | Entered Level 1 of the Snake Pit
 21928 | Snake:1  | Found Ocviuk's Magic Scroll Emporium.
 21928 | Snake:1  | Found Umoaziew's General Store.
 21940 | Snake:1  | Received a gift from Okawaru
 22026 | Snake:1  | Bought a scroll of fog for 48 gold pieces
 22026 | Snake:1  | Bought a potion of magic for 96 gold pieces
 22026 | Snake:1  | Bought a potion of invisibility for 96 gold pieces
 22032 | Snake:1  | Bought a scroll of teleportation for 42 gold pieces
 22032 | Snake:1  | Bought a scroll of teleportation for 42 gold pieces
 22032 | Snake:1  | Bought a scroll of revelation for 105 gold pieces
 22032 | Snake:1  | Bought a scroll of teleportation for 42 gold pieces
 22032 | Snake:1  | Bought a scroll of revelation for 105 gold pieces
 22891 | Snake:2  | Found Kuggavus's Magic Scroll Boutique.
 22929 | Snake:2  | Received a gift from Okawaru
 23286 | Snake:1  | Reached XP level 17. HP: 173/176 MP: 22/24
 23566 | Snake:2  | Reached skill level 10 in Invocations
 23703 | Snake:2  | Received a gift from Okawaru
 24068 | Snake:2  | Bought a scroll of brand weapon for 133 gold pieces
 24279 | Snake:3  | Received a gift from Okawaru
 24404 | Snake:3  | Noticed Mara
 24421 | Snake:3  | Noticed ironshield's illusion
 24438 | Snake:2  | Noticed ironshield's illusion
 24444 | Snake:2  | Killed Mara
 24582 | Snake:3  | Noticed Vashnia
 24796 | Snake:3  | Received a gift from Okawaru
 25159 | Snake:3  | Killed Vashnia
 25160 | Snake:3  | Reached skill level 15 in Throwing
 25308 | Snake:3  | Reached XP level 18. HP: 179/184 MP: 27/27
 25327 | Snake:3  | Received a gift from Okawaru
 25676 | Snake:3  | Reached skill level 10 in Shields
 25933 | Snake:4  | Entered Level 4 of the Snake Pit
 25964 | Snake:4  | Received a gift from Okawaru
 26033 | Snake:4  | Identified the serpent talisman of Duellamu {rElec rN+
                  | rCorr Dex-5}
 26033 | Snake:4  | Noticed Aizul
 26050 | Snake:3  | Killed Aizul
 26713 | Snake:4  | Found Bosiz's Distillery.
 26721 | Snake:4  | Bought a potion of heal wounds for 105 gold pieces
 26721 | Snake:4  | Bought a potion of heal wounds for 105 gold pieces
 26721 | Snake:4  | Bought a potion of heal wounds for 105 gold pieces
 27414 | Snake:4  | Received a gift from Okawaru
 27609 | Snake:4  | Noticed a quicksilver dragon
 27622 | Snake:4  | Killed a quicksilver dragon
 28111 | Snake:4  | Got a serpentine rune of Zot
 28266 | Shoals:1 | Entered Level 1 of the Shoals
 28266 | Shoals:1 | Found a runed translucent door.
 28319 | Shoals:1 | Received a gift from Okawaru
 28639 | Shoals:1 | Found Hiwus's Jewellery Boutique.
 28764 | Shoals:1 | Reached XP level 19. HP: 164/191 MP: 28/28
 29315 | Shoals:1 | Received a gift from Okawaru
 29656 | Shoals:2 | Noticed Donald
 29674 | Shoals:2 | Killed Donald
 30241 | Shoals:2 | Noticed Mlioglotl
 30358 | Shoals:1 | Killed Mlioglotl
 30884 | Shoals:3 | Noticed Ilsuiw
 30924 | Shoals:3 | Received a gift from Okawaru
 30936 | Shoals:3 | Killed Ilsuiw
 31459 | Shoals:4 | Entered Level 4 of the Shoals
 31906 | Shoals:4 | Received a gift from Okawaru
 31937 | Shoals:4 | Reached skill level 15 in Shields
 32063 | Shoals:4 | Reached skill level 15 in Armour
 32224 | Shoals:4 | Got a barnacled rune of Zot
 32265 | Shoals:4 | Received a gift from Okawaru
 32730 | Vaults:1 | Entered Level 1 of the Vaults
 32953 | Vaults:1 | Reached XP level 20. HP: 200/200 MP: 30/30
 33268 | Vaults:1 | Reached skill level 15 in Invocations
 33270 | Vaults:1 | Received a gift from Okawaru
 33315 | Vaults:1 | Noticed Nikola
 33370 | Vaults:1 | Acquired a manual of Invocations
 33490 | Vaults:1 | You fall into a shaft and drop 1 floor!
 34151 | Vaults:2 | Received a gift from Okawaru
 34238 | Vaults:2 | Found Uphanaxi's Assorted Antiques.
 34246 | Vaults:2 | Bought a scroll of fog for 64 gold pieces
 34246 | Vaults:2 | Bought a potion of might for 64 gold pieces
 34246 | Vaults:2 | Bought a scroll of enchant armour for 120 gold pieces
 35226 | Vaults:3 | Received a gift from Okawaru
 35484 | Vaults:3 | Paralysed by a formless jellyfish for 1 turns
 35800 | Vaults:3 | Reached XP level 21. HP: 185/207 MP: 34/34
 35911 | Vaults:3 | Found Foliluca's Assorted Antiques.
 35924 | Vaults:3 | Bought a potion of might for 112 gold pieces
 35924 | Vaults:3 | Bought a red potion for 25 gold pieces
 35959 | Vaults:3 | Received a gift from Okawaru
 36109 | Vaults:3 | Found a staircase to the Crypt.
 37043 | Vaults:4 | Received a gift from Okawaru
 37517 | Vaults:4 | Received a gift from Okawaru
 37586 | Vaults:4 | Found Rebef's Magic Scroll Boutique.
 37589 | Vaults:4 | Bought a scroll of enchant weapon for 157 gold pieces
 37589 | Vaults:4 | Bought a scroll of teleportation for 63 gold pieces
 37589 | Vaults:4 | Bought a scroll of teleportation for 63 gold pieces
 37589 | Vaults:4 | Bought a scroll of teleportation for 63 gold pieces
 37894 | Vaults:4 | Found a portal to a secret trove of treasure.
 37937 | Vaults:4 | You paid a toll of 18 potions of curing to enter a treasure
                  | trove
 37938 | Trove    | Entered a treasure trove
 37940 | Trove    | Found the +27 heavy crossbow "Sniper" {heavy, Acc+∞ SInv}
 37949 | Trove    | Identified the +4 arbalest of World Downfall {flame, Str+3}
 37951 | Trove    | Identified the +1 falchion "Opo Vodu" {holy, rElec rC+
                  | Will- Str+2}
 37955 | Trove    | Identified the +7 mace of Urgency {flame, Dex+2}
 37956 | Trove    | Identified the +8 executioner's axe of the Skies Above
                  | {pain, rN+ Stlth+}
 37979 | Trove    | Identified the +5 morningstar "Ypsac" {elec, *Slow rN++
                  | Dex+4}
 38423 | Snake:4  | Bought a potion of lignification for 63 gold pieces
 38423 | Snake:4  | Bought a potion of curing for 63 gold pieces
 38423 | Snake:4  | Bought a potion of curing for 63 gold pieces
 39483 | Elf:1    | Entered Level 1 of the Elven Halls
 39939 | Elf:1    | Received a gift from Okawaru
 40576 | Elf:2    | Found Iprys's Book Boutique.
 40704 | Elf:2    | Paralysed by an air elemental for 1 turns
 40788 | Elf:2    | Reached XP level 22. HP: 190/215 MP: 35/35
 40819 | Elf:2    | Found a huge runed translucent gate.
 40819 | Elf:2    | Found a huge runed translucent gate.
 40819 | Elf:2    | Found a huge runed translucent gate.
 40820 | Elf:2    | Found a huge runed translucent gate.
 40820 | Elf:2    | Found a huge runed translucent gate.
 40903 | Elf:2    | Found Meneki Dezxo's General Store.
 40910 | Elf:2    | Bought 3 silver javelins for 351 gold pieces
 40913 | Elf:2    | Received a gift from Okawaru
 42055 | Elf:2    | Identified the blade talisman of the Fiend {Str+3 Dex-4
                  | Stlth+}
 42177 | Elf:3    | Entered Level 3 of the Elven Halls
 42271 | Elf:3    | Paralysed by an air elemental for 1 turns
 42275 | Elf:2    | Paralysed by an air elemental for 1 turns
 42438 | Elf:3    | Received a gift from Okawaru
 42689 | Elf:3    | Found a shimmering blue altar of Sif Muna.
 43269 | Elf:3    | Paralysed by an air elemental for 1 turns
 43275 | Elf:3    | Paralysed by an air elemental for 1 turns
 43518 | Elf:3    | Identified the +0 glaive "Eria" {elec, rPois Will+ Int+3}
 43872 | Elf:3    | Identified the +6 plate armour "Duboapau" {+Inv rPois
                  | Int+3}
 43874 | Elf:3    | Received a gift from Okawaru
 43906 | Elf:3    | Got the Commentary on Zombies
 43954 | Elf:3    | Identified the +5 battleaxe "Undertaker" {elec, rElec rN+
                  | Int+2}
 43974 | Elf:3    | Identified the +7 sling of Drought {flame, Str+5}
 43976 | Elf:3    | Got the Codex of Spatial Blasphemous Spells
 43979 | Elf:3    | Identified the +6 orcbow "Ytsot" {heavy, rPois Str-2 Dex+9
                  | Stlth+}
 44056 | Elf:3    | Got the Precepts of Frostbite and Elsewhere
 44423 | Snake:1  | Bought a scroll of enchant armour for 105 gold pieces
 44499 | Snake:2  | Bought a scroll of fear for 56 gold pieces
 44693 | D:4      | Bought 2 scrolls of fog for 176 gold pieces
 44693 | D:4      | Bought a potion of mutation for 176 gold pieces
 44693 | D:4      | Bought a scroll of revelation for 165 gold pieces
 45055 | Depths:1 | Reached XP level 23. HP: 185/223 MP: 36/36
 45163 | Depths:1 | Received a gift from Okawaru
 45180 | Depths:1 | Identified the ring "Vedetioh" {EV+5 Int+7}
 45298 | Depths:1 | Found a one-way gate leading to the halls of Pandemonium.
 45300 | Depths:1 | Gained mutation: You are clumsy. (Dex -2) [a cacodemon]
 45397 | Depths:1 | Found a one-way gate to the infinite horrors of the Abyss.
 45479 | Depths:1 | Identified the staff of Quick Death {rF+ rC++ Will+ MP-9
                  | Fire}
 45640 | Depths:1 | Found a glowing golden altar of the Shining One.
 46134 | Depths:2 | Received a gift from Okawaru
 47157 | Depths:2 | Identified the +6 quarterstaff "Pot Ren" {flame, rCorr}
 47158 | Depths:2 | Got the Octavo of Petrified Dislocation
 47497 | Depths:3 | Found Puixkois's Distillery.
 47503 | Depths:3 | Bought a potion of cancellation for 128 gold pieces
 47503 | Depths:3 | Bought a potion of might for 64 gold pieces
 47503 | Depths:3 | Bought a potion of curing for 48 gold pieces
 47503 | Depths:3 | Bought a potion of curing for 48 gold pieces
 47503 | Depths:3 | Bought a potion of lignification for 48 gold pieces
 47535 | Depths:3 | Received a gift from Okawaru
 47776 | Depths:3 | Noticed a golden dragon
 47810 | Depths:3 | Killed a golden dragon
 47870 | Depths:3 | Identified the +1 robe "Asiureku" {Will+ Dex+5}
 47896 | Depths:3 | Found Sienuh's Overcharged Wands.
 47909 | Depths:3 | Identified the orb of Galan {light, rF++}
 47909 | Depths:3 | Noticed Frederick
 47935 | Depths:3 | Killed Frederick
 48037 | Depths:3 | Found a one-way gateway to a ziggurat.
 48050 | Depths:3 | Received a gift from Okawaru
 48263 | Depths:3 | Reached XP level 24. HP: 231/231 MP: 36/36
 48966 | Depths:4 | Entered Level 4 of the Depths
 49132 | Depths:4 | Received a gift from Okawaru
 49463 | Depths:4 | Found a gate to the Realm of Zot.
 49629 | Depths:4 | Received a gift from Okawaru
 49938 | Depths:4 | Found a basalt altar of Yredelemnul.
 50446 | Vaults:5 | Entered Level 5 of the Vaults
 50491 | Vaults:5 | Received a gift from Okawaru
 50580 | Vaults:5 | Got a silver rune of Zot
 50794 | Vaults:5 | Received a gift from Okawaru
 50802 | Vaults:5 | Identified the +3 quarterstaff "Ceiguil" {drain, rF+ Will+
                  | Dex-3}
 50903 | Vaults:5 | Noticed a dread lich
 50910 | Vaults:5 | Reached XP level 25. HP: 177/234 MP: 36/36
 50927 | Vaults:5 | Killed a dread lich
 50998 | Vaults:5 | Identified the +1 helmet of Qenifu Nuosh {Int+2}
 51445 | Vaults:5 | Noticed an ancient lich
 51454 | Vaults:5 | Killed an ancient lich
 51454 | Vaults:5 | Received a gift from Okawaru
 51600 | Vaults:5 | Got the Cyclopedia of Translocated Malediction
 52079 | Vaults:5 | Acquired a manual of Shields
 52080 | Vaults:5 | Acquired 1071 gold pieces
 52432 | Zot:1    | Entered Level 1 of the Realm of Zot
 53040 | Zot:1    | Received a gift from Okawaru
 53820 | Zot:1    | Noticed Vv
 53838 | Zot:1    | Killed Vv
 54602 | Zot:2    | Received a gift from Okawaru
 54934 | Zot:2    | Noticed an orb of fire
 54935 | Zot:2    | Noticed an orb of fire
 54942 | Zot:2    | Found a transporter.
 55269 | Zot:2    | Found a shimmering blue altar of Sif Muna.
 55276 | Zot:2    | Noticed a dread lich
 55278 | Zot:2    | Noticed an ancient lich
 55827 | Zot:2    | Received a gift from Okawaru
 56087 | Zot:2    | Reached XP level 26. HP: 219/251 MP: 36/36
 56651 | Zot:3    | Noticed a Killer Klown
 56653 | Zot:3    | Noticed a Killer Klown
 56780 | Zot:3    | Killed a Killer Klown
 56806 | Zot:2    | Killed a Killer Klown
 56915 | Zot:3    | Received a gift from Okawaru
 58912 | Zot:4    | Received a gift from Okawaru
 59854 | Zot:5    | Entered Level 5 of the Realm of Zot
 60118 | Zot:5    | Received a gift from Okawaru
 60252 | Zot:5    | Identified the +3 short sword "Giantbane" {speed, rPois
                  | Int+3}
 60505 | Zot:5    | Noticed a dread lich
 60547 | Zot:5    | Killed a dread lich
 60589 | Zot:5    | Noticed an ancient lich
 60632 | Zot:5    | Killed an ancient lich
 60633 | Zot:5    | Reached XP level 27. HP: 266/266 MP: 38/38
 60987 | Zot:5    | Noticed an ancient lich
 60999 | Zot:5    | Killed an ancient lich
 61023 | Zot:5    | Received a gift from Okawaru
 61053 | Zot:5    | Noticed an ancient lich
 61060 | Zot:5    | Noticed an orb of fire
 61066 | Zot:5    | Killed an orb of fire
 61074 | Zot:5    | Noticed a dread lich
 61076 | Zot:5    | Killed an ancient lich
 61091 | Zot:5    | Killed a dread lich
 61109 | Zot:5    | Noticed an ancient lich
 61116 | Zot:5    | Killed an ancient lich
 61128 | Zot:5    | Noticed an orb of fire
 61132 | Zot:5    | Killed an orb of fire
 61136 | Zot:5    | Noticed an ancient lich
 61141 | Zot:5    | Killed an ancient lich
 61209 | Zot:5    | Noticed an orb of fire
 61209 | Zot:5    | Gained mutation: You are occasionally teleported next to
                  | monsters. [an orb of fire]
 61220 | Zot:5    | Killed an orb of fire
 61230 | Zot:5    | Lost mutation: You are clumsy. (Dex -2) [potion of
                  | mutation]
 61230 | Zot:5    | Lost mutation: You are occasionally teleported next to
                  | monsters. [potion of mutation]
 61230 | Zot:5    | Gained mutation: Armour fits poorly on your strangely
                  | shaped body. [potion of mutation]
 61230 | Zot:5    | Gained mutation: You expend magic power (3 MP) to
                  | strengthen your wands. [potion of mutation]
 61230 | Zot:5    | Gained mutation: You are partially covered in large bone
                  | plates. (SH +4) [potion of mutation]
 61304 | Zot:5    | Noticed an ancient lich
 61321 | Zot:5    | Killed an ancient lich
 61374 | Zot:5    | Received a gift from Okawaru
 61464 | Zot:5    | Noticed an orb of fire
 61467 | Zot:5    | Noticed an orb of fire
 61470 | Zot:5    | Killed an orb of fire
 61471 | Zot:5    | Killed an orb of fire
 61475 | Zot:5    | Noticed a dread lich
 61479 | Zot:5    | Noticed a dread lich
 61490 | Zot:5    | Killed a dread lich
 61490 | Zot:5    | Killed a dread lich
 61505 | Zot:5    | Noticed a dread lich
 61580 | Zot:5    | Noticed an ancient lich
 61590 | Zot:5    | Killed an ancient lich
 61609 | Zot:5    | Received a gift from Okawaru
 61724 | Zot:5    | Killed a dread lich
 62689 | Slime:1  | Entered Level 1 of the Pits of Slime
 62728 | Slime:1  | Reached skill level 27 in Fighting
 62791 | Slime:1  | Found a viscous altar of Jiyva.
 63128 | Slime:2  | Gained mutation: You are dopey. (Int -2) [a shining eye]
 63139 | Slime:2  | Received a gift from Okawaru
 64924 | Slime:5  | Entered Level 5 of the Pits of Slime
 64995 | Slime:5  | Noticed the Royal Jelly
 65010 | Slime:5  | Killed the Royal Jelly
 65010 | Slime:5  | Received a gift from Okawaru
 65314 | Slime:5  | Identified the +7 glaive of Fate {freeze, Int+5}
 65374 | Slime:5  | Got a slimy rune of Zot
 66519 | Shoals:1 | Bought a ring of protection from fire for 425 gold pieces
 66739 | Depths:1 | Fell from the grace of Okawaru
 66739 | Depths:1 | Became a worshipper of the Shining One
 67509 | Crypt:1  | Entered Level 1 of the Crypt
 67537 | Crypt:1  | Reached * piety under the Shining One
 67694 | Crypt:1  | Reached ** piety under the Shining One
 68045 | Crypt:1  | Identified the +5 chain mail of the Apprentice {rCorr
                  | Stlth+}
 68064 | Crypt:1  | Reached *** piety under the Shining One
 68339 | Crypt:2  | Reached **** piety under the Shining One
 68567 | Crypt:2  | Reached ***** piety under the Shining One
 68932 | Crypt:3  | Entered Level 3 of the Crypt
 68985 | Crypt:3  | Reached skill level 27 in Invocations
 69027 | Crypt:3  | Reached ****** piety under the Shining One
 69074 | Crypt:3  | Identified a +9 broad axe of holy wrath (a +9 broad axe of
                  | venom blessed by the Shining One)
 69074 | Crypt:3  | Received a gift from the Shining One
 69184 | Crypt:2  | Found a basalt altar of Yredelemnul.
 69384 | Crypt:3  | Got an ivory gem with 44 turns to spare
 69414 | Crypt:3  | Noticed Xtahua
 69427 | Crypt:3  | Noticed Jory
 69435 | Crypt:3  | Lost the ivory gem through the power of Zot.
 69438 | Crypt:3  | Killed Xtahua
 69467 | Crypt:3  | Killed Jory
 69502 | Crypt:3  | Identified the +1 mace "Vadaq" {heavy, rC+ Int+3 Dex-4}
 69717 | Crypt:3  | Found a staircase to the Tomb.
 70122 | Crypt:3  | Identified the staff "Ugyn" {^Contam Int+8 Earth}
 70548 | Vaults:1 | Killed Nikola
 70728 | Vaults:1 | Learned a level 1 spell: Apportation
 70731 | Vaults:1 | Learned a level 2 spell: Blink
 70734 | Vaults:1 | Learned a level 2 spell: Lesser Beckoning
 70865 | Depths:2 | Voluntarily entered the Abyss.
 70866 | Abyss:1  | Found a corrupted altar of Lugonu.
 70888 | Abyss:2  | Found a corrupted altar of Lugonu.
 70910 | Abyss:2  | Found a shimmering altar of Xom.
 70999 | Abyss:3  | Found a bloodstained altar of Trog.
 71038 | Abyss:3  | Reached skill level 27 in Throwing
 71080 | Abyss:3  | Gained mutation: Your body sometimes deteriorates upon
                  | taking damage. [a cacodemon]
 71082 | Abyss:3  | Gained mutation: Your health recovers twice as slowly from
                  | being drained. [a cacodemon]
 71359 | Abyss:3  | Found a shimmering altar of Xom.
 71385 | Abyss:3  | Got an abyssal rune of Zot
 71411 | Depths:2 | Escaped the Abyss
 71671 | Pan      | Entered the realm of Mnoleg.
 71671 | Pan      | Entered Pandemonium
 71735 | Pan      | Noticed Mnoleg
 71762 | Pan      | Killed Mnoleg
 71776 | Pan      | Gained mutation: You are weak. (Str -2) [a cacodemon]
 71821 | Pan      | Got a glowing rune of Zot
 71912 | Pan      | Was forgiven by Okawaru
 72253 | Pan      | Gained mutation: You have sharp fingernails. [a cacodemon]
 72343 | Pan      | Gained mutation: You are very weak. (Str -4) [a neqoxec]
 72943 | Pan      | Found a huge runed translucent gate.
 72950 | Pan      | Found a huge runed translucent gate.
 72951 | Pan      | Found a huge runed translucent gate.
 72952 | Pan      | Found a huge runed translucent gate.
 72974 | Pan      | Noticed Mennas
 73031 | Pan      | Killed Mennas
 73440 | Pan      | Found a huge runed translucent gate.
 73440 | Pan      | Found a huge runed translucent gate.
 73455 | Pan      | Found a huge runed translucent gate.
 73464 | Pan      | Noticed Byty the pandemonium lord
 73475 | Abyss:5  | Cast into level 5 of the Abyss (Byty)
 73539 | Pan      | Escaped the Abyss
 73552 | Pan      | Killed Byty the pandemonium lord
 73938 | Pan      | Noticed Vient the pandemonium lord
 73958 | Pan      | Killed Vient the pandemonium lord
 75157 | Pan      | Noticed Sugij Emoec the pandemonium lord
 75167 | Pan      | Killed Sugij Emoec the pandemonium lord
 75205 | Pan      | Got a demonic rune of Zot
 75520 | Pan      | Noticed Vacsofuo the pandemonium lord
 75536 | Pan      | Killed Vacsofuo the pandemonium lord
 76164 | Pan      | Found a transporter.
 76266 | Pan      | Found a transporter.
 76289 | Pan      | Reached skill level 27 in Shields
 76385 | Pan      | Identified the +4 cloak "Poronoich" {rC++ Stlth+}
 76416 | Pan      | Identified the amulet "Hulat" {Regen+ rCorr}
 76843 | Pan      | Noticed Guidayca the pandemonium lord
 76859 | Pan      | Killed Guidayca the pandemonium lord
 76860 | Pan      | Reached skill level 1 in Translocations
 77086 | Pan      | Found an exit through the horrors of the Abyss.
 77995 | Pan      | Noticed Wix Rer the pandemonium lord
 78004 | Pan      | Killed Wix Rer the pandemonium lord
 78169 | Pan      | Found an exit through the horrors of the Abyss.
 78667 | Pan      | Entered the realm of Lom Lobon.
 78825 | Pan      | Reached skill level 5 in Translocations
 79556 | Pan      | Noticed Lom Lobon
 79578 | Pan      | Killed Lom Lobon
 79652 | Pan      | Got a magical rune of Zot
 79858 | Pan      | Noticed Vipur the pandemonium lord
 79875 | Pan      | Killed Vipur the pandemonium lord
 80035 | Pan      | Entered the realm of Gloorx Vloq.
 80159 | Pan      | Noticed Gloorx Vloq
 80339 | Pan      | Killed Gloorx Vloq
 80364 | Pan      | Got a dark rune of Zot
 80742 | Pan      | Reached skill level 27 in Axes
 81009 | Pan      | Reached skill level 1 in Spellcasting
 81031 | Pan      | Noticed Toic Usyest the pandemonium lord
 81043 | Pan      | Killed Toic Usyest the pandemonium lord
 81227 | Pan      | Entered the realm of Cerebov.
 81386 | Pan      | Found an exit through the horrors of the Abyss.
 81920 | Pan      | Found the +6 sword of Cerebov {flame}
 81920 | Pan      | Noticed Cerebov
 81952 | Pan      | Killed Cerebov
 82091 | Pan      | Identified the ring "Qiennyr" {Will+ MP+9 Str+2 Int-4}
 82125 | Pan      | Identified the amulet of Kalairidawn {Faith rC+}
 82138 | Pan      | Identified the +2 quarterstaff of Sharkskin {freeze, rElec
                  | rF+++ Str-2 SInv}
 82201 | Pan      | Got a fiery rune of Zot
 82288 | Depths:2 | Escaped Pandemonium
 82297 | Depths:2 | Lost mutation: You have sharp fingernails. [potion of
                  | mutation]
 82297 | Depths:2 | Lost mutation: You expend magic power (3 MP) to strengthen
                  | your wands. [potion of mutation]
 82297 | Depths:2 | Lost mutation: You are partially covered in large bone
                  | plates. (SH +4) [potion of mutation]
 82297 | Depths:2 | Gained mutation: Your flesh is cold resistant. (rC+)
                  | [potion of mutation]
 82298 | Depths:2 | Lost mutation: Your flesh is cold resistant. (rC+) [potion
                  | of mutation]
 82298 | Depths:2 | Lost mutation: You are very weak. (Str -4) [potion of
                  | mutation]
 82298 | Depths:2 | Gained mutation: Your system is resistant to poisons.
                  | (rPois) [potion of mutation]
 82298 | Depths:2 | Lost mutation: You are weak. (Str -2) [potion of mutation]
 82299 | Depths:2 | Lost mutation: Your body sometimes deteriorates upon taking
                  | damage. [potion of mutation]
 82299 | Depths:2 | Lost mutation: Armour fits poorly on your strangely shaped
                  | body. [potion of mutation]
 82299 | Depths:2 | Lost mutation: Your health recovers twice as slowly from
                  | being drained. [potion of mutation]
 82299 | Depths:2 | Gained mutation: Your health recovers twice as slowly from
                  | being drained. [potion of mutation]
 82299 | Depths:2 | Lost mutation: You are dopey. (Int -2) [potion of mutation]
 82299 | Depths:2 | Gained mutation: You are robust. (+10% HP) [potion of
                  | mutation]
 82329 | Hell     | Entered the Vestibule of Hell
 82329 | Hell     | Noticed Geryon
 82340 | Hell     | Killed Geryon
 82360 | Hell     | Found a gateway to the freezing wastes of Cocytus.
 82502 | Hell     | Found a gateway to the decaying netherworld of Tartarus.
 82612 | Hell     | Found a gateway to the ashen valley of Gehenna.
 82623 | Hell     | Reached skill level 27 in Armour
 82747 | Hell     | Reached skill level 5 in Spellcasting
 82747 | Hell     | Reached skill level 10 in Translocations
 82776 | Hell     | Found a gateway to the Iron City of Dis.
 83196 | D:2      | Bought a +4 ring of slaying for 858 gold pieces
 83542 | Hell     | Learned a level 4 spell: Passage of Golubria
 83546 | Coc:1    | Entered Level 1 of Cocytus
 83596 | Coc:1    | Reached skill level 1 in Dodging
 83837 | Coc:2    | Paralysed by a wendigo for 1 turns
 83840 | Coc:2    | You fall into a shaft and drop 1 floor!
 84131 | Coc:4    | Reached skill level 5 in Dodging
 84155 | Coc:4    | Paralysed by a wendigo for 1 turns
 84596 | Coc:6    | Paralysed by a wendigo for 1 turns
 84930 | Coc:7    | Entered Level 7 of Cocytus
 85321 | Coc:7    | Reached skill level 10 in Dodging
 85934 | Coc:7    | Identified the +8 hand axe of Corruption {flame, Dex+2}
 85934 | Coc:7    | Noticed Antaeus
 85972 | Coc:7    | Killed Antaeus
 86299 | Coc:7    | Got an icy rune of Zot
 86563 | Tar:1    | Entered Level 1 of Tartarus
 86606 | Tar:1    | Noticed a dread lich
 86611 | Tar:1    | Paralysed by a dread lich for 5 turns
 86617 | Tar:1    | Killed a dread lich
 86860 | Tar:2    | Reached skill level 10 in Spellcasting
 87002 | Tar:2    | Noticed a dread lich
 87006 | Tar:2    | Killed a dread lich
 88475 | Tar:7    | Entered Level 7 of Tartarus
 88606 | Tar:7    | Reached skill level 15 in Dodging
 88930 | Tar:7    | Noticed a dread lich
 88951 | Tar:7    | Killed a dread lich
 89033 | Tar:7    | Noticed a dread lich
 89036 | Tar:7    | Killed a dread lich
 89037 | Tar:7    | Reached skill level 10 in Evocations
 89069 | Tar:7    | Noticed Ereshkigal
 89084 | Tar:7    | Killed Ereshkigal
 89212 | Tar:7    | Identified the +7 bardiche of the Tooth {spect, Str+2}
 89338 | Tar:7    | Noticed an ancient lich
 89339 | Tar:7    | Noticed an ancient lich
 89349 | Tar:7    | Killed an ancient lich
 89351 | Tar:7    | Killed an ancient lich
 89352 | Tar:7    | Found the +5 scythe "Finisher" {speed, execute}
 89357 | Tar:7    | Identified the +4 fire dragon scales of the Maze {Rampage
                  | *Corrode rF++ rC- Dex-3 Stlth+}
 89366 | Tar:7    | Got the Tome of Macabre Direction
 89592 | Tar:7    | Got a bone rune of Zot
 89802 | Geh:1    | Entered Level 1 of Gehenna
 91137 | Geh:5    | Noticed an ancient lich
 91143 | Geh:5    | Killed an ancient lich
 91667 | Geh:7    | Entered Level 7 of Gehenna
 91772 | Geh:7    | Noticed the Serpent of Hell
 91801 | Geh:7    | Killed the Serpent of Hell
 92130 | Geh:7    | Found the +13 sceptre of Asmodeus
 92130 | Geh:7    | Noticed Asmodeus
 92162 | Geh:7    | Killed Asmodeus
 92183 | Geh:7    | Got an obsidian rune of Zot
 92480 | Geh:7    | Identified the +0 dagger of Liperghuapt {freeze, rN+}
 92769 | Dis:1    | Entered Level 1 of the Iron City of Dis
 92829 | Dis:1    | Found a huge runed translucent gate.
 92829 | Dis:1    | Found a huge runed translucent gate.
 92829 | Dis:1    | Found a huge runed translucent gate.
 92829 | Dis:1    | Found a huge runed translucent gate.
 92829 | Dis:1    | Found a huge runed translucent gate.
 92829 | Dis:1    | Found a huge runed translucent gate.
 92829 | Dis:1    | Found a huge runed translucent gate.
 92830 | Dis:1    | Found a huge runed translucent gate.
 92830 | Dis:1    | Found a huge runed translucent gate.
 92831 | Dis:1    | Found a huge runed translucent gate.
 92832 | Dis:1    | Found a huge runed translucent gate.
 92833 | Dis:1    | Found a huge runed translucent gate.
 92833 | Dis:1    | Found a huge runed translucent gate.
 92834 | Dis:1    | Found a huge runed translucent gate.
 92834 | Dis:1    | Found a huge runed translucent gate.
 92838 | Dis:1    | Found a huge runed translucent gate.
 92844 | Dis:1    | Found a huge runed translucent gate.
 92845 | Dis:1    | Found a huge runed translucent gate.
 92845 | Dis:1    | Found a huge runed translucent gate.
 92854 | Dis:1    | Found a huge runed translucent gate.
 92855 | Dis:1    | Found a huge runed translucent gate.
 92856 | Dis:1    | Found a huge runed translucent gate.
 92857 | Dis:1    | Found a huge runed translucent gate.
 92857 | Dis:1    | Found a huge runed translucent gate.
 92860 | Dis:1    | Found a huge runed translucent gate.
 92862 | Dis:1    | Found a huge runed translucent gate.
 92862 | Dis:1    | Found a huge runed translucent gate.
 92865 | Dis:1    | Found a huge runed translucent gate.
 92866 | Dis:1    | Found a huge runed translucent gate.
 92867 | Dis:1    | Found a huge runed translucent gate.
 92868 | Dis:1    | Found a huge runed translucent gate.
 92869 | Dis:1    | Found a huge runed translucent gate.
 92869 | Dis:1    | Found a huge runed translucent gate.
 92874 | Dis:1    | Found a huge runed translucent gate.
 92875 | Dis:1    | Found a huge runed translucent gate.
 92875 | Dis:1    | Found a huge runed translucent gate.
 93264 | Dis:3    | You fall into a shaft and drop 2 floors!
 93567 | Dis:6    | Reached skill level 15 in Evocations
 93730 | Dis:7    | Entered Level 7 of the Iron City of Dis
 94860 | Dis:7    | Noticed a juggernaut
 94878 | Dis:7    | Killed a juggernaut
 95523 | Dis:7    | Noticed a juggernaut
 95554 | Dis:7    | Killed a juggernaut
 96262 | Dis:7    | Noticed a juggernaut
 96264 | Dis:7    | Noticed Dispater
 96272 | Dis:7    | Killed a juggernaut
 96289 | Dis:7    | Killed Dispater
 96318 | Dis:7    | Got an iron rune of Zot
 97043 | Tomb:1   | Entered Level 1 of the Tomb of the Ancients
 97306 | Tomb:1   | Noticed a royal mummy
 97313 | Tomb:1   | Killed a royal mummy
 97435 | Tomb:1   | Identified the +8 morningstar "Lorut" {flame, rF+ Int+5}
 97521 | Tomb:1   | Noticed a royal mummy
 97530 | Tomb:1   | Killed a royal mummy
 97643 | Tomb:1   | Noticed a royal mummy
 97650 | Tomb:1   | Killed a royal mummy
 98184 | Tomb:2   | Noticed a royal mummy
 98188 | Tomb:2   | Killed a royal mummy
 98189 | Tomb:2   | Noticed a royal mummy
 98189 | Tomb:2   | Noticed a royal mummy
 98194 | Tomb:2   | Killed a royal mummy
 98195 | Tomb:2   | Killed a royal mummy
 98196 | Tomb:2   | Noticed a royal mummy
 98208 | Tomb:2   | Killed a royal mummy
 98213 | Tomb:2   | Noticed a royal mummy
 98225 | Tomb:2   | Killed a royal mummy
 98696 | Tomb:1   | Noticed a royal mummy
 98701 | Tomb:1   | Noticed a royal mummy
 98702 | Tomb:1   | Killed a royal mummy
 98705 | Tomb:1   | Noticed a royal mummy
 98707 | Tomb:1   | Killed a royal mummy
 98713 | Tomb:1   | Killed a royal mummy
 98835 | Tomb:1   | Noticed a royal mummy
 98854 | Tomb:1   | Killed a royal mummy
 98865 | Tomb:1   | Noticed a royal mummy
 98872 | Tomb:1   | Killed a royal mummy
 98892 | Tomb:1   | Noticed a royal mummy
 98899 | Tomb:1   | Killed a royal mummy
 99098 | Tomb:1   | Noticed a royal mummy
 99098 | Tomb:1   | Noticed a royal mummy
 99101 | Tomb:1   | Noticed a royal mummy
 99103 | Tomb:1   | Killed a royal mummy
 99108 | Tomb:1   | Killed a royal mummy
 99118 | Tomb:1   | Killed a royal mummy
 99234 | Tomb:1   | Noticed a royal mummy
 99483 | Tomb:1   | Killed a royal mummy
 99553 | Tomb:1   | Noticed a royal mummy
 99578 | Tomb:1   | Killed a royal mummy
 99761 | Tomb:1   | Noticed a royal mummy
 99771 | Tomb:1   | Killed a royal mummy
 99778 | Tomb:1   | Noticed a royal mummy
 99784 | Tomb:1   | Killed a royal mummy
 99827 | Tomb:1   | Noticed a royal mummy
 99832 | Tomb:1   | Killed a royal mummy
 99901 | Tomb:1   | Noticed a royal mummy
 99911 | Tomb:1   | Killed a royal mummy
 99961 | Tomb:1   | Noticed a royal mummy
 99969 | Tomb:1   | Killed a royal mummy
 99993 | Tomb:1   | Noticed a royal mummy
100000 | Tomb:1   | Killed a royal mummy
100005 | Tomb:1   | Noticed a royal mummy
100013 | Tomb:1   | Killed a royal mummy
100427 | Tomb:3   | Entered Level 3 of the Tomb of the Ancients
100442 | Tomb:3   | Identified the +9 falchion of Fimbulwinter {heavy, Dex+5}
100462 | Tomb:3   | Noticed a royal mummy
100470 | Tomb:3   | Killed a royal mummy
100472 | Tomb:3   | Noticed a royal mummy
100485 | Tomb:3   | Killed a royal mummy
100509 | Tomb:3   | Noticed a royal mummy
100513 | Tomb:3   | Killed a royal mummy
100557 | Tomb:3   | Noticed a royal mummy
100564 | Tomb:3   | Killed a royal mummy
100566 | Tomb:3   | Gained mutation: Your spells are a little easier to cast,
                  | but a little less powerful. [mutagenic glow]
100587 | Tomb:3   | Gained mutation: You occasionally shout uncontrollably at
                  | your foes. [mutagenic glow]
100595 | Tomb:3   | Noticed a royal mummy
100603 | Tomb:3   | Killed a royal mummy
100603 | Tomb:3   | Noticed a royal mummy
100612 | Tomb:3   | Killed a royal mummy
100624 | Tomb:3   | Gained mutation: You are dopey. (Int -2) [mutagenic glow]
100658 | Tomb:3   | Lost mutation: Your spells are a little easier to cast, but
                  | a little less powerful. [potion of mutation]
100658 | Tomb:3   | Lost mutation: Your system is resistant to poisons. (rPois)
                  | [potion of mutation]
100658 | Tomb:3   | Lost mutation: You are robust. (+10% HP) [potion of
                  | mutation]
100658 | Tomb:3   | Gained mutation: Your spells are a little harder to cast,
                  | but a little more powerful. [potion of mutation]
100658 | Tomb:3   | Lost mutation: You are dopey. (Int -2) [potion of mutation]
100659 | Tomb:3   | Lost mutation: You occasionally shout uncontrollably at
                  | your foes. [potion of mutation]
100659 | Tomb:3   | Lost mutation: Your health recovers twice as slowly from
                  | being drained. [potion of mutation]
100659 | Tomb:3   | Lost mutation: Your spells are a little harder to cast, but
                  | a little more powerful. [potion of mutation]
100659 | Tomb:3   | Gained mutation: You are weak. (Str -2) [potion of
                  | mutation]
100659 | Tomb:3   | Gained mutation: You occasionally lose the ability to read
                  | scrolls when taking damage. [potion of mutation]
100659 | Tomb:3   | Gained mutation: Your body sometimes deteriorates upon
                  | taking damage. [potion of mutation]
100659 | Tomb:3   | Gained mutation: Your system is resistant to poisons.
                  | (rPois) [potion of mutation]
100660 | Tomb:3   | Lost mutation: You occasionally lose the ability to read
                  | scrolls when taking damage. [potion of mutation]
100660 | Tomb:3   | Lost mutation: You are weak. (Str -2) [potion of mutation]
100660 | Tomb:3   | Lost mutation: Your system is resistant to poisons. (rPois)
                  | [potion of mutation]
100660 | Tomb:3   | Gained mutation: Your magical capacity is low. (-10% MP)
                  | [potion of mutation]
100660 | Tomb:3   | Gained mutation: You passively map a small area around you.
                  | [potion of mutation]
100661 | Tomb:3   | Lost mutation: Your magical capacity is low. (-10% MP)
                  | [potion of mutation]
100661 | Tomb:3   | Lost mutation: You passively map a small area around you.
                  | [potion of mutation]
100661 | Tomb:3   | Lost mutation: Your body sometimes deteriorates upon taking
                  | damage. [potion of mutation]
100661 | Tomb:3   | Gained mutation: Your spells are a little easier to cast,
                  | but a little less powerful. [potion of mutation]
100696 | Tomb:3   | Noticed a royal mummy
100708 | Tomb:3   | Killed a royal mummy
100770 | Tomb:3   | Noticed a royal mummy
100786 | Tomb:3   | Killed a royal mummy
100897 | Tomb:3   | Identified the ring "Nonok" {rC+ SInv}
100923 | Tomb:3   | Got Ovoatuah's Grimoire of Combined Abominable Spells
101111 | Tomb:3   | Got the Treatise on Supportive Causimancy
101143 | Tomb:3   | Got Sif Muna's Codex of Bad Luck
101144 | Tomb:3   | Identified the +10 halberd of the Demagogue {flame, rElec
                  | Stlth+}
101164 | Tomb:3   | Identified the staff "Tyceal" {rF+ rC+ Str+3 Summ Ice}
101170 | Tomb:3   | Identified the +2 spear of Ragnarok {heavy, rPois rCorr
                  | Str-5 Stlth+}
101202 | Tomb:3   | Identified the ring "Pirajy" {Ice rN+}
101296 | Tomb:3   | Got a golden rune of Zot
102079 | Zot:5    | Got the Orb of Zot
102080 | Zot:5    | Upgraded the game from 0.31-a0-1620-gcbf77bb to
                  | 0.31-a0-1625-g1a3bd5d
102131 | Zot:5    | Noticed Zawn the pandemonium lord
102147 | Zot:5    | Killed Zawn the pandemonium lord
102194 | Zot:3    | Noticed Cocer the pandemonium lord
102673 | D:5      | Noticed Umpyegga the pandemonium lord
102673 | D:5      | Noticed an ancient lich
102777 | D:$      | Escaped with the Orb!

Illustrated notes

Levels and vault maps discovered:
D:1:      psy_arrival_conway, layout_rooms, kennysheep_boxes
D:2:      layout_loops_ring, serial_shops, nicolae_square_shop, shop,
          nicolae_square_shop, hellmonk_ecumenical_altar_lost_god,
          kennysheep_generic_room_12
D:3:      layout_basic, old_standard_altar, mainiacjoe_overflow_small_starburst
D:4:      layout_loops_ring, nicolae_wu_jian_immortal_techniques,
          lemuel_doored_altar, mainiacjoe_overflow_tiny_flanked, serial_shops,
          nicolae_take_the_stairs, minmay_checkerbox
D:5:      layout_loops_corners, mainiacjoe_overflow_24_doors, uniq_eustachio
D:6:      layout_basic, mainiacjoe_overflow_large_starburst, serial_shops,
          nicolae_shop_window_shopping, uniq_blork_the_orc
D:7:      layout_basic, elyvilon_altar_1, minmay_temple_entry_slanted,
          kennysheep_generic_room_11
D:8:      minmay_weird_star, layout_loops_ring, special_room
          [special_room_kobold], uniq_maurice
D:9:      layout_rooms, trog_ov_bears_minmay, david_orc_2, enter_bailey_2
D:10:     layout_irregular_city, grunt_ogre_cave, uniq_josephine
D:11:     layout_basic, grunt_lair_entry_orc_guard_hut, portal_ice_cave_rime,
          guppyfry_shop_venom, uniq_erolcha
D:12:     layout_cross, serial_shops, nicolae_shop_bloodbath_and_beyond
D:13:     layout_basic, gauntlet_entry_generic
D:14:     layout_basic, skrybe_vaults_entry_preservation
D:15:     grunt_enter_depths_hoard, layout_rooms, abandoned_shop, serial_shops,
          shop, minmay_fractal_squares_diagonal_5
Temple:   minmay_temple_bridge_abc
Lair:1:   layout_regular_city, maelrawn_ghost_gauntlet_escape,
          grunt_megastairs_2
Lair:2:   layout_long_grid, minmay_shoals_entry_centaurs,
          minmay_snake_entry_spellcaster
Lair:3:   layout_small_grid, dreamdust_deal_with_the_devil, grunt_megastairs_5,
          lemuel_fruit_fields
Lair:4:   layout_regular_city, basic_altar
Lair:5:   gammafunk_lair_ancient_temple, layout_cave_pods,
          minmay_slime_entry_oklob_enclosed, infiniplex_staircase_pool,
          uniq_kirke, uniq_sonja
Shoals:1: layout_shoals, serial_shops, shop,
          nicolae_shoals_stone_sculpture_thing, lightli_airlock
Shoals:2: layout_shoals, uniq_mlioglotl, uniq_donald
Shoals:3: layout_shoals, uniq_ilsuiw
Shoals:4: shoals_end_hellmonk_lost_city, serial_shops
Snake:1:  nicolae_snake_unarmed_stairs_patrol, layout_layer_cave,
          lemuel_fruit_tree, minmay_shoptagon, serial_bayou_shore_a
Snake:2:  layout_concentric_octagons, serial_shops, nicolae_stop_n_shop_2,
          nicolae_snake_gridmaze_waves
Snake:3:  cheibrodos_snake_lava_hold, layout_grid_shapes,
          nicolae_fountain_basement, uniq_mara, uniq_vashnia
Snake:4:  hellmonk_snake_rune_quicksilver_temple, layout_misc_corridors,
          serial_shops, nicolae_shop_industrial_runoff, uniq_aizul
Slime:1:  cheibrodos_slime_lost_civilization_2, layout_caves, basic_altar
Slime:2:  layout_caves
Slime:3:  layout_caves, nicolae_slime_phagocytosis
Slime:4:  layout_caves
Slime:5:  slime_pit_nicolae_block_by_block
Orc:1:    layout_caves, basic_altar, serial_shops, nicolae_orc_lava_room
Orc:2:    st_orc_rangers, layout_caves, mines5_lemuel, uniq_saint_roka
Elf:1:    nicolae_elf_arrival_no_cutting_in_line, layout_geoelf_octagon,
          minmay_elf_demonology
Elf:2:    elven_hall_of_blades_hangedman_alternative
          [nicolae_blade_entry_area_security], layout_onion_city, serial_shops,
          nicolae_book_shop_shelving, nicolae_shop_statue_plus
Elf:3:    minmay_elf_hall_spiked, layout_loops_ring, basic_altar
Vaults:1: v_misc_27, nicolae_vaults_shelves_hall,
          nicolae_vaults_border_crossing, nicolae_vaults_more_shelving_2,
          v_misc_33, nicolae_vaults_angled_halls,
          nicolae_vaults_offset_grid_hallway_1,
          nicolae_vaults_mini_display_case, nicolae_vaults_yaktaur_gun_rack,
          nicolae_vaults_double_plus_1, layout_vaults_quadrants, uniq_nikola
Vaults:2: v_misc_8, nicolae_vaults_shrinking_rooms_1,
          nicolae_vaults_storage_closets_3, nicolae_vaults_diamond_2,
          nicolae_vaults_storage_room_water, v_misc_10, vaults_room_pool,
          nicolae_vaults_tetromino_L_2, nicolae_vaults_storage_room_glass,
          nicolae_vaults_angled_halls, hangedman_vaults_unwind, v_misc_15,
          nicolae_vaults_trapezoid_lopsided_4, layout_vaults_maze_bifur,
          serial_shops, nicolae_shop_waterfront
Vaults:3: vaults_room_corners, ontoclasm_vaults_bender,
          minmay_crypt_entry_vampire_xt, nicolae_vaults_little_squares_3,
          nicolae_vaults_loss_of_containment, vaults_mumra_minichess,
          nicolae_vaults_alarming, nicolae_vaults_six-pack,
          nicolae_vaults_triangles, nicolae_vaults_double_plus_3,
          nicolae_vaults_trapezoid_1, nicolae_vaults_trapezoid_2,
          nicolae_vaults_little_squares_3, layout_vaults_chaotic_city,
          serial_shops, nicolae_lakefront_shop
Vaults:4: nicolae_vaults_heist, nicolae_vaults_ellipses_ellipsis,
          nicolae_vaults_little_ls, nicolae_vaults_sightless_eye, v_rooms_1,
          serial_library_hellmonk_open_cross, nicolae_vaults_octothorpe,
          layout_vaults_omnibox, serial_shops, nicolae_shop_rolled_up,
          enter_trove_6
Vaults:5: serial_shops
Crypt:1:  layout_gridlike, nicolae_crypt_lichyard,
          grunt_crypt_arrival_guarded_gate
Crypt:2:  layout_misc_corridors, minmay_misc_feat_hallway, eino_tiny_chamber,
          nicolae_crypt_knight_watch, lemuel_upstairs_altar
Crypt:3:  due_elkab, layout_chaotic_city, uniq_xtahua, uniq_jory
Tomb:1
Tomb:2
Tomb:3
Depths:1: layout_long_grid, tso_altar, rand_demon_pan_entry_7, hell_entry,
          hangedman_abyss_entry_splay, kennysheep_just_a_vault
Depths:2: minmay_rotating_shell, layout_cave_shapes,
          abyss_entry_small_statue_room, rand_demon_pan_entry_8, hell_entry,
          kennysheep_pointless_box, nicolae_the_louvre
Depths:3: minmay_the_grid_octo_triangle [minmay_the_grid_octo_thin_diamonds,
          minmay_the_grid_octo_prize_big_c, minmay_the_grid_octo_clover],
          layout_gridlike, enter_ziggurat_a, kennysheep_doodads,
          grunt_pan_entry_zigzag, hell_entry, serial_shops, shop, abyss_entry,
          st_stairs_4, minmay_misc_feat_enclosed, roderic_filled_cross,
          nicolae_shop_overcharged_wands, uniq_frederick
Depths:4: grunt_zot_entry_tricorne, layout_twisted_cross,
          yredelemnul_altar_generic, abyss_entry, hell_entry, eino_tiny_chamber,
          nicolae_fountain_basement, serial_bayou_shore_b
Hell
Dis:1:    layout_gridville, not_door_vault_due
Dis:2:    layout_jigsaw, nicolae_dis_bowling_alley
Dis:3:    layout_gridville
Dis:5:    layout_regular_city, nicolae_dis_big_boring_drill
Dis:6:    layout_gridville
Dis:7:    dis_grunt_layers
Geh:1:    layout_gehenna_pools_box
Geh:2:    layout_gehenna_lava_caves, hangedman_elemental_grid_stream
Geh:3:    layout_gehenna_lava_caves
Geh:4:    layout_gehenna_pools_basic
Geh:5:    layout_gehenna_pools_basic
Geh:6:    layout_gehenna_pools_box
Geh:7:    geh_hangedman
Coc:1:    layout_ice_bergs
Coc:2:    layout_cocytus_water_paths
Coc:3:    layout_cocytus_water_paths
Coc:4:    layout_ice_bergs
Coc:5:    layout_cocytus_delve, nicolae_hells_seeping_fissure
Coc:6:    layout_ice_bergs
Coc:7:    coc_old
Tar:1:    layout_honeycomb
Tar:2:    layout_cathedral_of_symmetry
Tar:3:    layout_honeycomb, nicolae_tar_honey_chapel
Tar:4:    layout_grid_maze
Tar:5:    layout_honeycomb
Tar:6:    layout_cathedral_of_symmetry
Tar:7:    tar_grunt_cathedral
Zot:1:    layout_concentric_octagons, uniq_vv
Zot:2:    gammafunk_sealed_library, layout_concentric_octagons,
          regret_index_zotdec_zees, st_small_dragon_hoard_1,
          amethyst_zot_foddershock, uniq_josephina
Zot:3:    grunt_zot_stairs_faceoff, layout_concentric_octagons,
          regret_index_zotdec_onion_hex, grunt_ministairs_6,
          regret_index_zotdec_silver_v_v_loose, zot_minivault_6
Zot:4:    layout_gridlike
Zot:5:    layout_misc_corridors

Skill      XL: |  1  2  3  4  5  6  7  8  9 10 11 12 13 14 15 16 17 18 19 20 21 22 23 24 25 26 27 |
---------------+----------------------------------------------------------------------------------+-----
Axes           | 3 4 5 6 8 10 12 15 18 27 | 27.0
Shields        | 4 5 6 9 12 15 16 19 21 22 27 | 27.0
Evocations     | 1 3 6 7 23 | 23.8
Invocations    | 1 5 9 12 13 18 19 22 27 | 27.0
Fighting       | 7 12 15 18 21 22 23 25 27 | 27.0
Armour         | 8 10 12 15 16 19 21 22 27 | 27.0
Throwing       | 4 7 9 11 13 15 16 18 21 22 24 27 | 27.0
Translocations | 14 | 14.1
Spellcasting   | 10 | 10.0
Dodging        | 22 | 22.8

Action                     |  1- 3 |  4- 6 |  7- 9 | 10-12 | 13-15 | 16-18 | 19-21 | 22-24 | 25-27 || total
---------------------------+-------+-------+-------+-------+-------+-------+-------+-------+-------++-------
  Melee: War axe           |    89 |   145 |   285 |   769 |   120 |       |       |       |       ||  1408
         Broad axe         |       |       |       |       |   623 |   877 |  1223 |  1332 |  6254 || 10309
         Flail             |       |       |       |       |    32 |       |       |       |       ||    32
  Throw: Dart              |       |       |       |     2 |    13 |       |       |       |     3 ||    18
         Boomerang         |       |       |       |       |    28 |   268 |   208 |   196 |  1126 ||  1826
         Javelin           |       |       |       |       |       |       |       |     2 |   458 ||   460
   Cast: Lesser Beckoning  |       |       |       |       |       |       |       |       |     6 ||     6
         Blink             |       |       |       |       |       |       |       |       |     4 ||     4
 Invoke: Heroism           |       |       |       |     1 |       |     8 |     7 |     9 |    11 ||    36
         Receive Weapon    |       |       |       |       |     1 |       |       |       |       ||     1
         Receive Armour    |       |       |       |       |     1 |       |       |       |       ||     1
         Finesse           |       |       |       |       |       |     2 |     2 |     4 |     5 ||    13
         Cleansing Flame   |       |       |       |       |       |       |       |       |    58 ||    58
         Divine Shield     |       |       |       |       |       |       |       |       |    30 ||    30
         Summon Divine War |       |       |       |       |       |       |       |       |    30 ||    30
         Brand Weapon With |       |       |       |       |       |       |       |       |     1 ||     1
  Evoke: Wand              |       |       |     1 |       |     4 |       |       |       |       ||     5
    Use: Scroll            |     4 |     1 |     6 |     9 |    12 |     3 |     4 |    25 |    30 ||    94
         Potion            |       |       |       |     3 |       |       |       |     2 |    53 ||    58
   Stab: Paralysed         |       |       |     7 |       |       |       |       |       |       ||     7
 Armour: Scale mail        |    33 |       |       |       |       |       |       |       |       ||    33
         Chain mail        |     6 |    57 |    85 |   100 |       |       |       |       |       ||   248
         Plate armour      |       |       |       |   170 |   256 |       |       |       |       ||   426
         Gold dragon scale |       |       |       |       |   263 |   616 |   807 |   846 |  4408 ||  6940
         Skin              |       |       |       |       |       |       |       |       |    67 ||    67
  Dodge: Dodged            |    55 |    87 |   155 |   317 |   273 |   278 |   321 |   331 |  1357 ||  3174
  Block: Buckler           |     3 |       |       |       |       |       |       |       |       ||     3
         Kite shield       |    52 |   134 |   265 |   628 |   610 |   679 |       |       |       ||  2368
         Reflection        |       |       |     3 |    15 |    14 |   128 |    82 |       |       ||   242
         Tower shield      |       |       |       |       |       |   314 |  1234 |  1196 |  7338 || 10082

Table legend: (Time is in decaauts)
 A = Elapsed time spent in this place.
 B = Non-inter-level travel time spent in this place.
 C = Inter-level travel time spent in this place.
 D = Time resting spent in this place.
 E = Time spent auto-exploring this place.
 F = Levels seen in this place.
 G = Mean time per level.
                   A        B        C        D        E       F      G
               +--------+--------+--------+--------+--------+-----+--------+
         Total | 100147 |  88207 |  11940 |  14067 |  45815 | 113 |  886.3 |
       Dungeon |  16416 |  12399 |   4017 |    128 |   9058 |  15 | 1094.4 |
        Temple |     45 |     25 |     20 |      0 |      0 |   1 |   45.0 |
          Lair |   6283 |   5486 |    797 |    326 |   3587 |   5 | 1256.6 |
        Shoals |   4540 |   4226 |    314 |   1025 |   1370 |   4 | 1135.0 |
     Snake Pit |   7152 |   6582 |    570 |   2386 |   2377 |   4 | 1788.0 |
    Slime Pits |   3551 |   3216 |    335 |    181 |   2281 |   5 |  710.2 |
  Orcish Mines |   1025 |    923 |    102 |     67 |    604 |   2 |  512.5 |
   Elven Halls |   4612 |   4398 |    214 |   1120 |   1786 |   3 | 1537.3 |
        Vaults |   8334 |   6861 |   1473 |    772 |   3846 |   5 | 1666.8 |
         Crypt |   2966 |   2619 |    347 |     67 |   1489 |   3 |  988.7 |
          Tomb |   4445 |   4132 |    313 |   1589 |   1250 |   3 | 1481.7 |
        Depths |   6639 |   5343 |   1296 |   1223 |   2652 |   4 | 1659.8 |
          Hell |    874 |    746 |    128 |    238 |    295 |   1 |  874.0 |
           Dis |   3356 |   3180 |    176 |    582 |   1329 |   6 |  559.3 |
       Gehenna |   2785 |   2636 |    149 |    545 |   1304 |   7 |  397.9 |
       Cocytus |   2943 |   2663 |    280 |    232 |   1448 |   7 |  420.4 |
      Tartarus |   3255 |   3087 |    168 |    451 |   1721 |   7 |  465.0 |
           Zot |   9633 |   8400 |   1233 |   2523 |   3204 |   5 | 1926.6 |
         Abyss |    545 |    545 |      0 |      0 |     82 |   4 |  136.2 |
   Pandemonium |   9961 |   9961 |      0 |    429 |   6062 |  19 |  524.3 |
         Trove |     58 |     58 |      0 |      0 |      0 |   1 |   58.0 |
        Bailey |    392 |    392 |      0 |    176 |     66 |   1 |  392.0 |
      Gauntlet |    326 |    326 |      0 |      0 |      0 |   1 |  326.0 |
               +--------+--------+--------+--------+--------+-----+--------+

Top non-repeatable levels by time:
  Tomb:1: 2597 daAuts
   Dis:7: 2497 daAuts
 Snake:1: 2330 daAuts
   Zot:2: 2112 daAuts
 Snake:4: 2095 daAuts
   Elf:2: 2058 daAuts
Depths:3: 2043 daAuts
   Zot:3: 2035 daAuts
Vaults:3: 2024 daAuts
   Zot:5: 1986 daAuts
Vaults:1: 1981 daAuts
     D:5: 1870 daAuts
   Zot:4: 1787 daAuts
   Zot:1: 1710 daAuts
Depths:2: 1634 daAuts
